Workbook

Sheet Приложение № 1
F1: Приложение № 2 к постановлению Администрации Приморского края «Приложение № 1 к государственной программе Приморского края «Экономическое развитие и инновационная экономика Приморского края» на 2013 - 2020 годы, утвержденной постановлением Администрации Приморского края от 7 декабря 2012 года № 382-па
A3: ПЕРЕЧЕНЬ ПОКАЗАТЕЛЕЙ
A4: государственной программы Приморского края
A5: «Экономическое развитие и инновационная экономика Приморского края» на 2013 - 2020 годы
A7: № п/п | B7: Наименование показателя | C7: Ед. измере-ния | D7: Значения показателей
D8: 2011 | E8: 2012 | F8: 2013 | G8: 2014 | H8: 2015 | I8: 2016 | J8: 2017 | K8: 2018 | L8: 2019 | M8: 2020
A9: 1 | B9: 2 | C9: 3 | D9: 4 | E9: 5 | F9: 6 | G9: 7 | H9: 8 | I9: 9 | J9: 10 | K9: 11 | L9: 12 | M9: 13
A10: ='[1]Приложение № 6 (приложение № 5)'!B10 -> Государственная программа Приморского края «Экономическое развитие и инновационная экономика Приморского края» на 2013 - 2020 годы
A11: 1. | B11: Валовой региональный продукт Приморского края, в % к предыдущему году в сопоставимых ценах | C11: % | D11: 107.3 | E11: 105.1 | F11: 102,4-106,0 | G11: 103,7-106,1 | H11: 100.3 | I11: 101.1 | J11: 102.2 | K11: 103.6 | L11: 103.9 | M11: 104
A12: 2. | B12: Индекс производительности труда | C12: % | D12: 106.7 | E12: 104.6 | F12: 105.9 | G12: 106 | H12: 102.34694 | I12: 101.2 | J12: 101.8 | K12: 103.5 | L12: 104.7 | M12: 105.1
A13: 3. | B13: Доля продукции высокотехнологичных и наукоемких отраслей в валовом региональном продукте | C13: % | D13: 16.6 | E13: 17.6 | F13: 17.9 | G13: 18.6 | H13: 19.1 | I13: 19.6 | J13: 20.6 | K13: 21.58 | L13: 21.7 | M13: 22
A14: 4. | B14: Количество высокопроизводительных рабочих мест | C14: рабочих мест, единиц | D14: 235400 | E14: 254700 | F14: 260600 | G14: 267300 | H14: 274600 | I14: 282700 | J14: 291800 | K14: 301900 | L14: 318191 | M14: 334482
A15: 5. | B15: Доля продукции, произведенной субъектами малого и среднего предпринимательства, в общем объеме ВРП Приморского края | C15: % | D15: 23.5 | E15: 24.1 | F15: 31 | G15: 31.2 | H15: 31.4 | I15: 31.7 | J15: 31.9 | K15: 32 | L15: 32.1 | M15: 32.2
A16: 6. | B16: Оборот продукции (услуг), производимой малыми предприятиями, в том числе микропредприятиями, и индивидуальными предпринимателями на территории Приморского края | C16: млн. рублей | D16: 427839.1 | E16: 476862.3 | F16: 513426 | G16: 558536 | H16: 614241 | I16: 665454 | J16: 709349 | K16: 751909.94 | L16: 797024.54 | M16: 843251.96
A17: 7. | B17: Доля расходов краевого бюджета, формируемая на основе государственных программ Приморского края, в общем объеме расходов краевого бюджета | C17: % | D17: - | E17: - | F17: =0.931*100 -> 93.1 | G17: =0.939*100 -> 93.9 | H17: 94.3 | I17: 94.7 | J17: 95 | K17: 95 | L17: 95 | M17: 95
A18: 8. | B18: Объем налоговых и неналоговых доходов консолидированного бюджета субъекта Российской Федерации | C18: млн. рублей | D18: 63577.75 | E18: 72978.01 | F18: 75048.42 | G18: 80195.24 | H18: 86270.8 | I18: 88858.92 | J18: 91524.73 | K18: 94270.4 | L18: 97098.5 | M18: 100011.5
A19: ='[1]Приложение № 4 (приложение (2'!B11 -> Подпрограмма № 1 «Улучшение инвестиционного климата в Приморском крае» на 2013-2020 годы
A20: 9. | B20: Объем инвестиций по отношению к ВРП Приморского края | C20: % | D20: - | E20: - | F20: 23 | G20: 25 | H20: 25.5 | I20: 26 | J20: 27 | K20: 27 | L20: 27 | M20: 27
A21: 10. | B21: Прирост инвестиций в основной капитал без учета бюджетных средств | C21: % к предыдущему году | D21: - | E21: - | F21: 15.3 | G21: 15.8 | H21: 16.3 | I21: 16.8 | J21: 17.3 | K21: 17.8 | L21: 18.3 | M21: 18.8
A22: 11. | B22: Количество реализованных основных положений стандарта деятельности органов исполнительной власти Приморского края по обеспечению благоприятного климата в Приморском крае | C22: единиц | D22: 12 | E22: 12 | F22: 12 | G22: 12 | H22: 12 | I22: 12 | J22: 12 | K22: 12 | L22: 12 | M22: 12
A23: 12. | B23: Прирост инвестиций в основной капитал к предыдущему году | C23: % | D23: - | E23: - | F23: 13.8 | G23: 14.4 | H23: 15.2 | I23: 15.9 | J23: 16.7 | K23: 17.5 | L23: 18.5 | M23: 19.6
A24: 13. | B24: Изменение объема прямых иностранных инвестиций к среднегодовому значению за прошлые периоды | D24: - | E24: - | F24: 101.1 | G24: 102 | H24: 102 | I24: 102.5 | J24: 103.1 | K24: 103.1 | L24: 103.1 | M24: 103.1
A25: 14. | B25: Количество мероприятий по развитию социальной и инженерной инфраструктуры, реализованных в рамках комплексных инвестиционных планов модернизации монопрофильных муниципальных образований Приморского края | C25: единиц | D25: - | E25: 1 | F25: 2 | G25: 1 | H25: - | I25: - | J25: - | K25: - | L25: -
A26: 15. | B26: Оценка предпринимательским сообществом эффективности реализации внедренных составляющих стандарта в Приморском крае | C26: баллов | D26: - | E26: - | F26: 5.5 | G26: 6 | H26: 6.5 | I26: - | J26: - | K26: - | L26: - | M26: -
A27: 16. | B27: Уровень развития государственно-частного партнерства Приморского края | C27: % | D27: - | E27: - | F27: - | G27: 13.2 | H27: 21.9 | I27: 35.9 | J27: 49.9 | K27: 66.9 | L27: - | M27: -
A28: 17. | B28: Оценка предпринимательским сообществом эффективности реализации внедренных элементов деятельности органов исполнительной власти субъекта Российской Федерации по обеспечению благоприятного инвестиционного климата в регионе | C28: баллов | D28: - | E28: - | F28: - | G28: - | H28: 8 | I28: 10 | J28: 10 | K28: 10 | L28: 10 | M28: 10
A29: 18. | B29: Доля проектов нормативных правовых актов Приморского края, нормативных правовых актов Приморского края, прошедших процедуру оценки регулирующего воздействия, экспертизу, в общем объеме проектов нормативных правовых актов Приморского края, нормативных правовых актов Приморского края, затрагивающих вопросы осуществления предпринимательской и инвестиционной деятельности, подлежащих оценке регулирующего воздействия, включенных в План проведения экспертизы нормативных правовых актов Приморского края для устранения административных барьеров | C29: % | D29: 0 | E29: 0 | F29: 100 | G29: 100 | H29: 100 | I29: 100 | J29: 100 | K29: 100 | L29: 100 | M29: 100
A30: 19. | B30: Доля информации о деятельности на приоритетных товарных рынках Приморского края, опубликованной на официальном сайте, из общего объема информации, необходимой к публикации | C30: % | D30: 100 | E30: 100 | F30: 100 | G30: 100 | H30: 100 | I30: 100 | J30: 100 | K30: 100 | L30: 100 | M30: 100
A31: ='[1]Приложение № 4 (приложение (2'!B96 -> Подпрограмма № 2 «Развитие малого и среднего предпринимательства в Приморском крае» на 2013-2020 годы
A32: 20. | B32: Количество субъектов малого и среднего предпринимательства, получивших государственную поддержку | C32: единиц | D32: 664 | E32: 699 | F32: 726 | G32: 1204 | H32: 6974 | I32: 695 | J32: 700 | K32: 700 | L32: 700 | M32: 700
A33: 21. | B33: Количество субъектов малого и среднего предпринимательства (включая индивидуальных предпринимателей) в расчете на 1 тыс. человек населения Приморского края | C33: единиц | D33: - | E33: - | F33: - | G33: 42.1 | H33: - | I33: - | J33: - | K33: - | L33: - | M33: -
A34: 22. | B34: Доля среднесписочной численности работников (без внешних совместителей) всех предприятий и организаций субъектов малого и среднего предпринимательства в среднесписочной численности работников (без внешних совместителей) всех предприятий и организаций | C34: % | D34: 23.9 | E34: 32.5 | F34: 29 | G34: 29.2 | H34: - | I34: - | J34: - | K34: - | L34: - | M34: -
A35: 23. | B35: Доля среднесписочной численности работников (без внешних совместителей), занятых на микропредприятиях, малых и средних предприятиях и у индивидуальных предпринимателей, в общей численности занятого населения | C35: % | D35: - | E35: - | F35: - | G35: 27.3 | H35: - | I35: - | J35: - | K35: - | L35: - | M35: -
A36: 24. | B36: Количество вновь созданных рабочих мест (включая вновь зарегистрированных индивидуальных предпринимателей) субъектами малого и среднего предпринимательства, получившими государственную поддержку | C36: единиц | D36: - | E36: - | F36: - | G36: 344 | H36: 179 | I36: 140 | J36: 145 | K36: 150 | L36: 150 | M36: 150
A37: 25. | B37: Прирост оборота продукции и услуг, производимых малыми предприятиями, в том числе микропредприятиями, и индивидуальными предпринимателями (в сопоставимых ценах) | C37: % к предыдущему году | F37: 7.3 | G37: 7.3 | H37: 7.3 | I37: 7.3 | J37: 7.3 | K37: 7.3 | L37: - | M37: -
A38: 26. | B38: Оценка предпринимательским сообществом общих условий ведения предпринимательской деятельности в Приморском крае | C38: баллов | D38: - | E38: - | F38: 5.5 | G38: 6 | H38: 6.5 | I38: 7 | J38: 7.5 | K38: 8 | L38: - | M38: -
A39: 27. | B39: Оценка предпринимательским сообществом эффективности реализации программы поддержки малого и среднего предпринимательства | C39: баллов | D39: - | E39: - | F39: 5.5 | G39: 6 | H39: 6.5 | I39: 7 | J39: 7.5 | K39: 8 | L39: - | M39: -
A40: 28. | B40: Прирост количества субъектов малого и среднего предпринимательства, осуществляющих деятельность на территории Приморского края | C40: % к предыдущему году | D40: - | E40: - | F40: 7.3 | G40: 7.3 | H40: 7.3 | I40: 7.3 | J40: 7.3 | K40: 7.3 | L40: - | M40: -
A41: 29. | B41: Исполнение расходных обязательств за счет субсидии, предоставленной в текущем финансовом году на реализацию мероприятий | C41: % | D41: - | E41: - | F41: - | G41: - | H41: 100 | I41: 100 | J41: 100 | K41: 100 | L41: 100 | M41: 100
A42: 30. | B42: Отношение объема выданных кредитов субъектам малого и среднего предпринимательства под гарантии (поручительства) гарантийной организации к совокупному размеру средств гарантийного фонда, сформированному за счет субсидий, предоставленных из бюджетов всех уровней, а также доходов от операционной и финансовой деятельности | C42: % | D42: - | E42: - | F42: - | G42: - | H42: 200 | I42: 200 | J42: 200 | K42: 200 | L42: 200 | M42: 200
A43: 31. | B43: Объем выданных гарантий и (или) поручительств субъектам малого и среднего предпринимательства | C43: тыс. руб. | D43: - | E43: - | F43: - | G43: - | H43: 54632.9 | I43: 48058.8 | J43: 100000 | K43: 100000 | L43: 100000 | M43: 100000
A44: 32. | B44: Размер собственных средств субъектов малого и среднего предпринимательства, получивших государственную поддержку, направленных на приобретение оборудования | C44: тыс. руб. | D44: - | E44: - | F44: - | G44: - | H44: 72500 | I44: 72500 | J44: 72500 | K44: 72500 | L44: 72500 | M44: 72500
A45: 33. | B45: Количество детей, воспользовавшихся услугами дошкольных образовательных центров | C45: ед. | D45: - | E45: - | F45: - | G45: - | H45: 125 | I45: =H45+5 -> 130 | J45: =I45+5 -> 135 | K45: =J45+5 -> 140 | L45: =K45+5 -> 145 | M45: =L45+5 -> 150
A46: 34. | B46: Количество дошкольных образовательных центров, получивших государственную поддержку | C46: ед. | D46: - | E46: - | F46: - | G46: - | H46: 5 | I46: 5 | J46: 5 | K46: 5 | L46: 5 | M46: 5
A47: 35. | B47: Доля муниципальных образований и (или) монопрофильных муниципальных образований, получивших государственную поддержку, в общем количестве муниципальных образований на территории Приморского края | C47: % | D47: - | E47: - | F47: - | G47: - | H47: 8.7 | I47: 8.7 | J47: 8.7 | K47: 8.7 | L47: 8.7 | M47: 8.7
A48: 36. | B48: Количество проведенных консультаций и мероприятий для субъектов малого и среднего предпринимательства | C48: ед. | D48: - | E48: - | F48: - | G48: - | H48: 6414 | I48: 1660 | J48: 1670 | K48: 1680 | L48: 1690 | M48: 1700
A49: 37. | B49: Прирост выручки субъектов малого и среднего предпринимательства, получивших государственную поддержку, за счет экспорта товаров (работ, услуг) относительно предыдущего отчетного года | C49: % | D49: - | E49: - | F49: - | G49: - | H49: 3 | I49: - | J49: - | K49: - | L49: - | M49: -
A50: 38. | B50: Количество партнеров в сфере делового, технологического и научного сотрудничества, подобранных для российских субъектов малого и среднего предпринимательства | C50: ед. | D50: - | E50: - | F50: - | G50: - | H50: 481 | I50: - | J50: - | K50: - | L50: - | M50: -
A51: 39. | B51: Количество заключенных субъектами малого и среднего предпринимательства при содействии АНО «Региональный центр координации поддержки экспортно ориентированных субъектов малого и среднего предпринимательства Приморского края» договоров на поставку товаров, работ, услуг за пределы территории Российской Федерации | C51: ед. | D51: - | E51: - | F51: - | G51: - | H51: 31 | I51: 26 | J51: - | K51: - | L51: - | M51: -
A52: =#REF! -> #REF!
A55: ='[1]Приложение № 4 (приложение (2'!B127 -> Подпрограмма № 3 «Долгосрочное финансовое планирование и организация бюджетного процесса, совершенствование межбюджетных отношений в Приморском крае» на 2013 - 2020 годы
A56: 40 | B56: Отношение среднего уровня расчетной бюджетной обеспеченности пяти наиболее обеспеченных муниципальных образований Приморского края после выравнивания в отчетном финансовом году к среднему уровню расчетной бюджетной обеспеченности пяти наименее обеспеченных муниципальных образований после выравнивания в отчетном финансовом году | C56: раз | D56: 1.1 | E56: 1.1 | F56: 1 | G56: 1 | H56: 1 | I56: 1 | J56: 1 | K56: 1 | L56: 1 | M56: 1
A57: 41 | B57: Отношение объема расходов на обслуживание государственного долга Приморского края к объему расходов краевого бюджета, за исключением расходов, которые осуществляются за счет субвенций, предоставляемых из федерального бюджета | C57: % | D57: 1.3 | E57: 1.3 | F57: 1.2 | G57: 5.4 | H57: 1.2 | I57: 0.7 | J57: 0.7 | K57: 0.9 | L57: 0.9 | M57: 0.9
A58: ='[1]Приложение № 4 (приложение (2'!B149 -> Подпрограмма № 4 «Управление имуществом, находящимся в собственности и в ведении Приморского края» на 2014-2020 годы
A59: 42 | B59: Сокращение количества краевых государственных унитарных предприятий, основанных на праве хозяйственного ведения, по отношению к предыдущему году | C59: % не менее | D59: - | E59: - | F59: 0 | G59: 10 | H59: 11 | I59: 12 | J59: 13 | K59: 13 | L59: 13 | M59: 13
A60: 43 | B60: Сокращение количества акционерных обществ с участием Приморского края по отношению к предыдущему году | C60: % не менее | D60: - | E60: - | F60: 0 | G60: 10 | H60: 11 | I60: 12 | J60: 13 | K60: 13 | L60: 13 | M60: 13
A61: 44 | B61: Количество реорганизованных, ликвидированных и изменивших тип краевых государственных учреждений и краевых государственных унитарных предприятий | C61: шт. | D61: - | E61: - | F61: 30 | G61: 20 | H61: 46 | I61: 14 | J61: 15 | K61: 15 | L61: 15 | M61: 16
A62: 45 | B62: Доля государственных служащих в органах управления и контроля акционерных обществ с участием Приморского края | C62: % | D62: - | E62: - | F62: 88 | G62: 76 | H62: 72 | I62: 64 | J62: 56 | K62: 54 | L62: 53 | M62: 52
A63: 46 | B63: Выполнение плана по доходам от перечисления части чистой прибыли краевых государственных унитарных предприятий | C63: % | D63: - | E63: - | F63: 100 | G63: 100 | H63: 100 | I63: 100 | J63: 100 | K63: 100 | L63: 100 | M63: 100
A64: 47 | B64: Выполнение плана по доходам от дивидендов хозяйственных обществ | C64: % | D64: - | E64: - | F64: 100 | G64: 100 | H64: 100 | I64: 100 | J64: 100 | K64: 100 | L64: 100 | M64: 100
A65: 48 | B65: Выполнение плана по доходам от приватизации краевого имущества, в том числе акций (долей) хозяйственных обществ | C65: % | D65: - | E65: - | F65: 100 | G65: 100 | H65: 100 | I65: 100 | J65: 100 | K65: 100 | L65: 100 | M65: 100
A66: 49 | B66: Выполнение плана по доходам от аренды краевого имущества | C66: % | D66: - | E66: - | F66: 100 | G66: 100 | H66: 100 | I66: 100 | J66: 100 | K66: 100 | L66: 100 | M66: 100
A67: 50 | B67: Выполнения плана по доходам от использования земельных участков | C67: % | D67: - | E67: - | F67: 100 | G67: 100 | H67: 100 | I67: 100 | J67: 100 | K67: 100 | L67: 100 | M67: 100
A68: 51 | B68: Доля объектов недвижимого имущества, в том числе земельных участков, находящихся в собственности Приморского края, в отношении которых принято решение по управлению и распоряжению ими, по отношению к общему количеству объектов недвижимого имущества, находящихся в собственности Приморского края, не используемых для реализации государственных полномочий Приморского края либо свободных от прав третьих лиц | C68: % | D68: - | E68: - | F68: 95 | G68: 96 | H68: 90 | I68: 91 | J68: 92 | K68: 93 | L68: 93 | M68: 94
A69: 52 | B69: Доля объектов недвижимого имущества, в том числе земельных участков, находящихся в собственности Приморского края, в отношении которых проведены проверки фактического использования и сохранности, по отношению к общему количеству объектов недвижимого имущества Приморского края, за исключением сетей инженерно-технического обеспечения | C69: % | D69: - | E69: - | F69: 2 | G69: 5 | H69: 8 | I69: 12 | J69: 15 | K69: 17 | L69: 18 | M69: 19
A70: 53 | B70: Доля объектов недвижимого имущества, в том числе земельных участков, право собственности Приморского края на которые зарегистрировано, от общего числа объектов недвижимого имущества, подлежащих государственной регистрации (в рамках текущего года) | C70: % | D70: - | E70: - | F70: 30 | G70: 50 | H70: 55 | I70: 60 | J70: 65 | K70: 70 | L70: 75 | M70: 75
A71: 54 | B71: Доля земельных участков, право собственности Приморского края на которые зарегистрировано, включенных в перечень участков, подлежащих вовлечению в оборот по отношению к зарегистрированным в текущем году | C71: % | D71: - | E71: - | F71: 10 | G71: 12 | H71: 15 | I71: 20 | J71: 23 | K71: 20 | L71: 20 | M71: 20
A72: ='[1]Приложение № 4 (приложение (2'!B175 -> Подпрограмма № 5 «Поддержка социально ориентированных некоммерческих и иных общественных организаций в Приморском крае» на 2014-2020 годы
A73: 55 | B73: Количество реализованных СО НКО общественно значимых программ (проектов) | C73: единиц | D73: - | E73: - | F73: 0 | G73: 0 | H73: 12 | I73: 15 | J73: 18 | K73: 20 | L73: 22 | M73: 25
A74: 56 | B74: Численность граждан и добровольцев, привлеченных СО НКО к реализации общественно значимых программ (проектов) | C74: человек | D74: - | E74: - | F74: 0 | G74: 0 | H74: 120 | I74: 150 | J74: 180 | K74: 200 | L74: 220 | M74: 250
A75: 57 | B75: Численность инвалидов всех возрастов, получивших поддержку при реализации СО НКО общественно значимых программ (проектов) | C75: человек | D75: - | E75: - | F75: 0 | G75: 0 | H75: 45 | I75: 50 | J75: 60 | K75: 110 | L75: 130 | M75: 140
A76: 58 | B76: Количество мероприятий, проведенных СО НКО в рамках реализации программ (проектов) в сфере укрепления межнациональных, межэтнических и межконфессиональных отношений, профилактики экстремизма и ксенофобии | C76: единиц | D76: - | E76: - | F76: 0 | G76: 0 | H76: 10 | I76: 12 | J76: 13 | K76: 14 | L76: 15 | M76: 16
A77: 59 | B77: Численность детей и подростков, привлеченных СО НКО к участию в мероприятиях, проведенных в рамках реализации программ (проектов), направленных на развитие гражданско-патриотического воспитания, краеведения | C77: человек | D77: - | E77: - | F77: 0 | G77: 0 | H77: 100 | I77: 150 | J77: 200 | K77: 250 | L77: 280 | M77: 300
A78: 60 | B78: Численность лиц, получивших услуги СО НКО в области профилактики незаконного потребления наркотических средств и психотропных веществ, наркомании, реабилитации, социальной и трудовой реинтеграции лиц, потребляющих наркотические средства или психотропные вещества | C78: человек | D78: - | E78: - | F78: 0 | G78: 0 | H78: 30 | I78: 40 | J78: 50 | K78: 55 | L78: 60 | M78: 65
A79: 61 | B79: Количество СО НКО, которым оказана поддержка в нефинансовых формах | C79: единиц | D79: - | E79: - | F79: 0 | G79: 0 | H79: 5 | I79: 10 | J79: 25 | K79: 27 | L79: 30 | M79: 32
M80: ».

Sheet Приложение № 2 (труд.ресурсы)
F1: Приложение № 3 к постановлению Администрации Приморского края «Приложение № 2 к государственной программе Приморского края «Экономическое развитие и инновационная экономика Приморского края» на 2013 - 2020 годы, утвержденной постановлением Администрации Приморского края от 7 декабря 2012 года № 382-па
A12: ОСНОВНЫЕ ПАРАМЕТРЫ потребности в трудовых ресурсах, необходимых для реализации государственной программы Приморского края «Экономическое развитие и инновационная экономика Приморского края» на 2013 - 2020 годы
A14: № п/п | B14: Наименования укрупненных групп направлений подготовки (специальностей, профессий) | C14: Требуемый образовательный уровень | H14: Требуемый образовательный уровень
C15: СПО1 по программам подготовки квалифицированных рабочих (служащих) | D15: СПО по программам подготовки специалистов среднего звена | E15: высшее образование (бакалавриат) | F15: высшее образование (магистратура) | G15: высшее образование (специалитет) | H15: СПО по программам подготовки квалифицированных рабочих | I15: СПО по программам подготовки специалистов среднего звена | J15: высшее образование (бакалавриат) | K15: высшее образование (магистратура) | L15: высшее образование (специалитет)
C16: 2015 год | H16: 2016 год
A17: 1 | B17: 2 | C17: 3 | H17: 4
A18: 1. | B18: Математические и естественные науки (всего, сумма строк 1.1-1.6) | C18: 0 | D18: 0 | E18: 0 | F18: 0 | G18: 0 | H18: 0 | I18: 0 | J18: 0 | K18: 0 | L18: 0
A19: 1.1. | B19: Математика и механика | C19: Х | D19: Х | E19: 0 | F19: 0 | G19: 0 | H19: Х | I19: Х | J19: 0 | K19: 0 | L19: 0
A20: 1.2. | B20: Компьютерные и информационные науки | C20: Х | D20: Х | E20: 0 | F20: 0 | G20: 0 | H20: Х | I20: Х | J20: 0 | K20: 0 | L20: Х
A21: 1.3. | B21: Физика и астрономия | C21: Х | D21: Х | E21: 0 | F21: 0 | G21: 0 | H21: Х | I21: Х | J21: 0 | K21: 0 | L21: 0
A22: 1.4. | B22: Химия | C22: Х | D22: Х | E22: 0 | F22: 0 | G22: 0 | H22: Х | I22: Х | J22: 0 | K22: 0 | L22: 0
A23: 1.5. | B23: Науки о земле | C23: Х | D23: Х | E23: 0 | F23: 0 | G23: Х | H23: Х | I23: Х | J23: 0 | K23: 0 | L23: Х
A24: 1.6. | B24: Биологические науки | C24: Х | D24: Х | E24: 0 | F24: 0 | H24: Х | I24: Х | J24: 0 | K24: 0
A25: 2. | B25: Инженерное дело, технологии и технические науки (всего, сумма строк 2.1-2.23) | C25: 0 | D25: 0 | E25: 0 | F25: 0 | G25: 0 | H25: 0 | I25: 0 | J25: 0 | K25: 0 | L25: 0
A26: 2.1. | B26: Архитектура | C26: Х | D26: 0 | E26: 0 | F26: 0 | G26: Х | H26: Х | I26: 0 | J26: 0 | K26: 0 | L26: Х
A27: 2.2. | B27: Техника и технологии строительства | C27: 0 | D27: 0 | E27: 0 | F27: 0 | G27: 0 | H27: 0 | I27: 0 | J27: 0 | K27: 0 | L27: 0
A28: 2.3. | B28: Информатика и вычислительная техника | C28: 0 | D28: 0 | E28: 0 | F28: 0 | G28: Х | H28: 0 | I28: 0 | J28: 0 | K28: 0 | L28: Х
A29: 2.4. | B29: Информационная безопасность | C29: Х | D29: 0 | E29: 0 | F29: 0 | G29: 0 | H29: Х | I29: 0 | J29: 0 | K29: 0 | L29: 0
A30: 2.5. | B30: Электроника, радиотехника и системы связи | C30: 0 | D30: 0 | E30: 0 | F30: 0 | G30: 0 | H30: 0 | I30: 0 | J30: 0 | K30: 0 | L30: 0
A31: 2.6. | B31: Фотоника, приборостроение, оптические и биотехнические системы и технологии | C31: 0 | D31: 0 | E31: 0 | F31: 0 | G31: 0 | H31: 0 | I31: 0 | J31: 0 | K31: 0 | L31: 0
A32: 2.7. | B32: Электро- и теплоэнергетика | C32: 0 | D32: 0 | E32: 0 | F32: 0 | G32: Х | H32: 0 | I32: 0 | J32: 0 | K32: 0 | L32: Х
A33: 2.8. | B33: Ядерная энергетика и технологии | C33: Х | D33: 0 | E33: 0 | F33: 0 | G33: 0 | H33: Х | I33: 0 | J33: 0 | K33: 0 | L33: 0
A34: 2.9. | B34: Машиностроение | C34: 0 | D34: 0 | E34: 0 | F34: 0 | G34: 0 | H34: 0 | I34: 0 | J34: 0 | K34: 0 | L34: 0
A35: 2.10. | B35: Физико-технические науки и технологии | C35: Х | D35: Х | E35: 0 | F35: 0 | G35: 0 | H35: Х | I35: Х | J35: 0 | K35: 0 | L35: 0
A36: 2.11. | B36: Оружие и системы вооружения | C36: Х | D36: Х | E36: 0 | F36: 0 | G36: 0 | H36: Х | I36: Х | J36: 0 | K36: 0 | L36: 0
A37: 2.12. | B37: Химические технологии | C37: 0 | D37: 0 | E37: 0 | F37: 0 | G37: 0 | H37: 0 | I37: 0 | J37: 0 | K37: 0 | L37: 0
A38: 2.13. | B38: Промышленная экология и биотехнологии | C38: 0 | D38: 0 | E38: 0 | F38: 0 | G38: Х | H38: 0 | I38: 0 | J38: 0 | K38: 0 | L38: Х
A39: 2.14. | B39: Техносферная безопасность и природообустройство | C39: 0 | D39: 0 | E39: 0 | F39: 0 | G39: 0 | H39: 0 | I39: 0 | J39: 0 | K39: 0 | L39: 0
A40: 2.15. | B40: Прикладная геология, горное дело, нефтегазовое дело и геодезия | C40: 0 | D40: 0 | E40: 0 | F40: 0 | G40: 0 | H40: 0 | I40: 0 | J40: 0 | K40: 0 | L40: 0
A41: 2.16. | B41: Технологии материалов | C41: 0 | D41: 0 | E41: 0 | F41: 0 | G41: Х | H41: 0 | I41: 0 | J41: 0 | K41: 0 | L41: Х
A42: 2.17. | B42: Техника и технологии наземного транспорта | C42: 0 | D42: 0 | E42: 0 | F42: 0 | G42: 0 | H42: 0 | I42: 0 | J42: 0 | K42: 0 | L42: 0
A43: 2.18. | B43: Авиационная и ракетно-космическая техника | C43: 0 | D43: 0 | E43: 0 | F43: 0 | G43: 0 | H43: 0 | I43: 0 | J43: 0 | K43: 0 | L43: 0
A44: 2.19. | B44: Аэронавигация и эксплуатация авиационной и ракетно-космической техники | C44: 0 | D44: 0 | E44: 0 | F44: 0 | G44: 0 | H44: 0 | I44: 0 | J44: 0 | K44: 0 | L44: 0
A45: 2.20. | B45: Техника и технологии кораблестроения и водного транспорта | C45: 0 | D45: 0 | E45: 0 | F45: 0 | G45: 0 | H45: 0 | I45: 0 | J45: 0 | K45: 0 | L45: 0
A46: 2.21. | B46: Управление в технических системах | C46: Х | D46: 0 | E46: 0 | F46: 0 | G46: 0 | H46: Х | I46: 0 | J46: 0 | K46: 0 | L46: 0
A47: 2.22. | B47: Нанотехнологии и наноматериалы | C47: Х | D47: Х | E47: 0 | F47: 0 | G47: Х | H47: Х | I47: Х | J47: 0 | K47: 0 | L47: Х
A48: 2.23. | B48: Технологии легкой промышленности | C48: 0 | D48: 0 | E48: 0 | F48: 0 | G48: Х | H48: 0 | I48: 0 | J48: 0 | K48: 0 | L48: Х
A49: 3. | B49: Здравоохранение и медицинские науки (всего, сумма строк 3.1-3.5) | C49: 0 | D49: 0 | E49: 0 | F49: 0 | G49: 0 | H49: 0 | I49: 0 | J49: 0 | K49: 0 | L49: 0
A50: 3.1. | B50: Фундаментальная медицина | C50: Х | D50: Х | E50: Х | F50: Х | G50: 0 | H50: Х | I50: Х | J50: Х | K50: Х | L50: 0
A51: 3.2. | B51: Клиническая медицина | C51: Х | D51: 0 | E51: Х | F51: Х | G51: 0 | H51: Х | I51: 0 | J51: Х | K51: Х | L51: 0
A52: 3.3. | B52: Науки о здоровье и профилактическая медицина | C52: Х | D52: 0 | E52: Х | F52: 0 | G52: 0 | H52: Х | I52: 0 | J52: Х | K52: 0 | L52: 0
A53: 3.4. | B53: Фармация | C53: Х | D53: 0 | E53: Х | F53: Х | G53: 0 | H53: Х | I53: 0 | J53: Х | K53: Х | L53: 0
A54: 3.5. | B54: Сестринское дело | C54: 0 | D54: Х | E54: 0 | F54: Х | G54: Х | H54: 0 | I54: Х | J54: 0 | K54: Х | L54: Х
A55: 4. | B55: Сельское хозяйство и сельскохозяйственные науки (всего, сумма строк 4.1-4.2) | C55: 0 | D55: 0 | E55: 0 | F55: 0 | G55: 0 | H55: 0 | I55: 0 | J55: 0 | K55: 0 | L55: 0
A56: 4.1. | B56: Сельское, лесное и рыбное хозяйство | C56: 0 | D56: 0 | E56: 0 | F56: 0 | G56: Х | H56: 0 | I56: 0 | J56: 0 | K56: 0 | L56: Х
A57: 4.2. | B57: Ветеринария и зоотехния | C57: Х | D57: Х | E57: 0 | F57: 0 | G57: 0 | H57: Х | I57: Х | J57: 0 | K57: 0 | L57: 0
A58: 5. | B58: Науки об обществе (всего, сумма строк 5.1-5.7) | C58: 0 | D58: 0 | E58: 0 | F58: 0 | G58: 0 | H58: 0 | I58: 0 | J58: 0 | K58: 0 | L58: 0
A59: 5.1. | B59: Психологические науки | C59: Х | D59: Х | E59: 0 | F59: 0 | G59: 0 | H59: Х | I59: Х | J59: 0 | K59: 0 | L59: 0
A60: 5.2. | B60: Экономика и управление | C60: 0 | D60: 0 | E60: 0 | F60: 0 | G60: 0 | H60: 0 | I60: 0 | J60: 0 | K60: 0 | L60: 0
A61: 5.3. | B61: Социология и социальная работа | C61: 0 | D61: 0 | E61: 0 | F61: 0 | G61: Х | H61: 0 | I61: 0 | J61: 0 | K61: 0 | L61: Х
A62: 5.4. | B62: Юриспруденция | C62: Х | D62: 0 | E62: 0 | F62: 0 | G62: 0 | H62: Х | I62: 0 | J62: 0 | K62: 0
A63: 5.5. | B63: Политические науки и регионоведение | C63: Х | D63: Х | E63: 0 | F63: 0 | G63: Х | H63: Х | I63: Х | J63: 0 | K63: 0 | L63: Х
A64: 5.6. | B64: Средства массовой информации и информационно-библиотечное дело | C64: 0 | D64: 0 | E64: 0 | F64: 0 | G64: Х | H64: 0 | I64: 0 | J64: 0 | K64: 0 | L64: Х
A65: 5.7. | B65: Сервис и туризм | C65: 0 | D65: 0 | E65: 0 | F65: 0 | G65: Х | H65: 0 | I65: 0 | J65: 0 | K65: 0 | L65: Х
A66: 6. | B66: Образование и педагогические науки, всего | C66: 0 | D66: 0 | E66: 0 | F66: 0 | G66: 0 | H66: 0 | I66: 0 | J66: 0 | K66: 0 | L66: 0
A67: 6.1. | B67: Образование и педагогические науки | C67: Х | D67: 0 | E67: 0 | F67: 0 | G67: 0 | H67: Х | I67: 0 | J67: 0 | K67: 0 | L67: 0
A68: 7. | B68: Гуманитарные науки (всего, сумма строк 7.1-7.5) | C68: 0 | D68: 0 | E68: 0 | F68: 0 | G68: 0 | H68: 0 | I68: 0 | J68: 0 | K68: 0 | L68: 0
A69: 7.1. | B69: Языкознание и литературоведение | C69: Х | D69: Х | E69: 0 | F69: 0 | G69: 0 | H69: Х | I69: Х | J69: 0 | K69: 0 | L69: 0
A70: 7.2. | B70: История и археология | C70: 0 | D70: 0 | E70: 0 | F70: 0 | G70: Х | H70: 0 | I70: 0 | J70: 0 | K70: 0 | L70: Х
A71: 7.3. | B71: Философия, этика и религиоведение | C71: Х | D71: Х | E71: 0 | F71: 0 | G71: Х | H71: Х | I71: Х | J71: 0 | K71: 0 | L71: Х
A72: 7.4. | B72: Теология | C72: Х | D72: Х | E72: 0 | F72: 0 | G72: Х | H72: Х | I72: Х | J72: 0 | K72: 0 | L72: Х
A73: 7.5. | B73: Физическая культура и спорт | C73: Х | D73: 0 | E73: 0 | F73: 0 | G73: Х | H73: Х | I73: 0 | J73: 0 | K73: 0 | L73: Х
A74: 8. | B74: Искусство и культура (всего, сумма строк 8.1-8.6) | C74: 0 | D74: 0 | E74: 0 | F74: 0 | G74: 0 | H74: 0 | I74: 0 | J74: 0 | K74: 0 | L74: 0
A75: 8.1. | B75: Искусствознание | C75: Х | D75: 0 | E75: 0 | F75: 0 | G75: Х | H75: Х | I75: 0 | J75: 0 | K75: 0 | L75: Х
A76: 8.2. | B76: Культуроведение и социокультурные проекты | C76: Х | D76: 0 | E76: 0 | F76: 0 | G76: 0 | H76: Х | I76: 0 | J76: 0 | K76: 0 | L76: 0
A77: 8.3. | B77: Сценические искусства и литературное творчество | C77: Х | D77: 0 | E77: 0 | F77: 0 | G77: 0 | H77: Х | I77: 0 | J77: 0 | K77: 0 | L77: 0
A78: 8.4. | B78: Музыкальное искусство | C78: Х | D78: 0 | E78: 0 | F78: 0 | G78: 0 | H78: Х | I78: 0 | J78: 0 | K78: 0 | L78: 0
A79: 8.5. | B79: Изобразительное и прикладные виды искусств | C79: 0 | D79: 0 | E79: 0 | F79: 0 | G79: 0 | H79: 0 | I79: 0 | J79: 0 | K79: 0 | L79: 0
A80: 8.6. | B80: Экранное искусство | C80: 0 | D80: 0 | E80: Х | F80: Х | G80: 0 | H80: 0 | I80: 0 | J80: Х | K80: Х | L80: 0
A81: № п/п | B81: Наименования укрупненных групп направлений подготовки (специальностей, профессий) | C81: Требуемый образовательный уровень | H81: Требуемый образовательный уровень
C82: СПО1 по программам подготовки квалифицированных рабочих (служащих) | D82: СПО по программам подготовки специалистов среднего звена | E82: высшее обра -зование (бакалавриат) | F82: высшее образование (магистратура) | G82: высшее образование (специалитет) | H82: СПО по программам подготовки квалифицирован-ных рабочих | I82: СПО по программам подготовки специалистов среднего звена | J82: высшее образование (бакалавриат) | K82: высшее образование (магистратура) | L82: высшее образование (специалитет)
C83: 2017 год | H83: 2018 год
A84: 1 | B84: 2 | C84: 5 | H84: 6
A85: 1. | B85: Математические и естественные науки (всего, сумма строк 1.1-1.6) | C85: 0 | D85: 0 | E85: 0 | F85: 0 | G85: 0 | H85: 0 | I85: 0 | J85: 0 | K85: 0 | L85: 0
A86: 1.1. | B86: Математика и механика | C86: Х | D86: Х | E86: 0 | F86: 0 | G86: 0 | H86: Х | I86: Х | J86: 0 | K86: 0 | L86: 0
A87: 1.2. | B87: Компьютерные и информационные науки | C87: Х | D87: Х | E87: 0 | F87: 0 | G87: 0 | H87: Х | I87: Х | J87: 0 | K87: 0 | L87: Х
A88: 1.3. | B88: Физика и астрономия | C88: Х | D88: Х | E88: 0 | F88: 0 | G88: 0 | H88: Х | I88: Х | J88: 0 | K88: 0 | L88: 0
A89: 1.4. | B89: Химия | C89: Х | D89: Х | E89: 0 | F89: 0 | G89: 0 | H89: Х | I89: Х | J89: 0 | K89: 0 | L89: 0
A90: 1.5. | B90: Науки о земле | C90: Х | D90: Х | E90: 0 | F90: 0 | G90: Х | H90: Х | I90: Х | J90: 0 | K90: 0 | L90: Х
A91: 1.6. | B91: Биологические науки | C91: Х | D91: Х | E91: 0 | F91: 0 | H91: Х | I91: Х | J91: 0 | K91: 0
A92: 2. | B92: Инженерное дело, технологии и технические науки (всего, сумма строк 2.1-2.23) | C92: 0 | D92: 0 | E92: 0 | F92: 0 | G92: 0 | H92: 0 | I92: 0 | J92: 0 | K92: 0 | L92: 0
A93: 2.1. | B93: Архитектура | C93: Х | D93: 0 | E93: 0 | F93: 0 | G93: Х | H93: Х | I93: 0 | J93: 0 | K93: 0 | L93: Х
A94: 2.2. | B94: Техника и технологии строительства | C94: 0 | D94: 0 | E94: 0 | F94: 0 | G94: 0 | H94: 0 | I94: 0 | J94: 0 | K94: 0 | L94: 0
A95: 2.3. | B95: Информатика и вычислительная техника | C95: 0 | D95: 0 | E95: 0 | F95: 0 | G95: Х | H95: 0 | I95: 0 | J95: 0 | K95: 0 | L95: Х
A96: 2.4. | B96: Информационная безопасность | C96: Х | D96: 0 | E96: 0 | F96: 0 | G96: 0 | H96: Х | I96: 0 | J96: 0 | K96: 0 | L96: 0
A97: 2.5. | B97: Электроника, радиотехника и системы связи | C97: 0 | D97: 0 | E97: 0 | F97: 0 | G97: 0 | H97: 0 | I97: 0 | J97: 0 | K97: 0 | L97: 0
A98: 2.6. | B98: Фотоника, приборостроение, оптические и биотехнические системы и технологии | C98: 0 | D98: 0 | E98: 0 | F98: 0 | G98: 0 | H98: 0 | I98: 0 | J98: 0 | K98: 0 | L98: 0
A99: 2.7. | B99: Электро- и теплоэнергетика | C99: 0 | D99: 0 | E99: 0 | F99: 0 | G99: Х | H99: 0 | I99: 0 | J99: 0 | K99: 0 | L99: Х
A100: 2.8. | B100: Ядерная энергетика и технологии | C100: Х | D100: 0 | E100: 0 | F100: 0 | G100: 0 | H100: Х | I100: 0 | J100: 0 | K100: 0 | L100: 0
A101: 2.9. | B101: Машиностроение | C101: 0 | D101: 0 | E101: 0 | F101: 0 | G101: 0 | H101: 0 | I101: 0 | J101: 0 | K101: 0 | L101: 0
A102: 2.10. | B102: Физико-технические науки и технологии | C102: Х | D102: Х | E102: 0 | F102: 0 | G102: 0 | H102: Х | I102: Х | J102: 0 | K102: 0 | L102: 0
A103: 2.11. | B103: Оружие и системы вооружения | C103: Х | D103: Х | E103: 0 | F103: 0 | G103: 0 | H103: Х | I103: Х | J103: 0 | K103: 0 | L103: 0
A104: 2.12. | B104: Химические технологии | C104: 0 | D104: 0 | E104: 0 | F104: 0 | G104: 0 | H104: 0 | I104: 0 | J104: 0 | K104: 0 | L104: 0
A105: 2.13. | B105: Промышленная экология и биотехнологии | C105: 0 | D105: 0 | E105: 0 | F105: 0 | G105: Х | H105: 0 | I105: 0 | J105: 0 | K105: 0 | L105: Х
A106: 2.14. | B106: Техносферная безопасность и природообустройство | C106: 0 | D106: 0 | E106: 0 | F106: 0 | G106: 0 | H106: 0 | I106: 0 | J106: 0 | K106: 0 | L106: 0
A107: 2.15. | B107: Прикладная геология, горное дело, нефтегазовое дело и геодезия | C107: 0 | D107: 0 | E107: 0 | F107: 0 | G107: 0 | H107: 0 | I107: 0 | J107: 0 | K107: 0 | L107: 0
A108: 2.16. | B108: Технологии материалов | C108: 0 | D108: 0 | E108: 0 | F108: 0 | G108: Х | H108: 0 | I108: 0 | J108: 0 | K108: 0 | L108: Х
A109: 2.17. | B109: Техника и технологии наземного транспорта | C109: 0 | D109: 0 | E109: 0 | F109: 0 | G109: 0 | H109: 0 | I109: 0 | J109: 0 | K109: 0 | L109: 0
A110: 2.18. | B110: Авиационная и ракетно-космическая техника | C110: 0 | D110: 0 | E110: 0 | F110: 0 | G110: 0 | H110: 0 | I110: 0 | J110: 0 | K110: 0 | L110: 0
A111: 2.19. | B111: Аэронавигация и эксплуатация авиационной и ракетно-космической техники | C111: 0 | D111: 0 | E111: 0 | F111: 0 | G111: 0 | H111: 0 | I111: 0 | J111: 0 | K111: 0 | L111: 0
...

Sheet Приложение № 2 (№3 к ГП)
F1: Приложение № 2 к постановлению Администрации Приморского края «Приложение № 3 к государственной программе Приморского края «Экономическое развитие и инновационная экономика Приморского края» на 2013 - 2020 годы, утвержденной постановлением Администрации Приморского края от 7 декабря 2012 года № 382-па
A4: ПЕРЕЧЕНЬ МЕРОПРИЯТИЙ
A5: государственной программы Приморского края
A6: «Экономическое развитие и инновационная экономика Приморского края» на 2013 - 2020 годы и план их реализации
A8: № п/п | B8: Наименование подпрограммы, контрольные события | C8: Ответственный исполнитель, соисполнители | D8: Срок реализации | F8: Ожидаемый непосредственный результат (краткое описание) | G8: Связь с показателями государственной программы
D9: дата начала реализации | E9: дата окончания реализации
A10: 1 | B10: 2 | C10: 3 | D10: 4 | E10: 5 | F10: 6 | G10: 7
A11: ='[2]Приложение № 6 (приложение №5)'!A20 -> 1. | B11: ='[2]Приложение № 6 (приложение №5)'!B20 -> Подпрограмма № 1 «Улучшение инвестиционного климата в Приморском крае» на 2013-2020 годы | C11: департамент экономики и развития предпринимательства Приморского края; департамент проектов и стратегического развития Приморского края; департамент промышленности Приморского края | D11: 2013 | E11: 2020 | F11: повышение инвестиционной привлекательности Приморского края; нормативных правовых актов Приморского края; создание эффективной инновационной инфраструктуры на территориях особых экономических зон Приморского края; повышение качества государственного регулирования за счет проведения оценки регулирующего воздействия проектов | G11: оказывает прямое влияние на показатели программы, указанные в пунктах 1-4, 8, и на показатели подпрограммы, указанные в пунктах 9-19
F13: проведение исследования конкурентной среды на рынках товаров и услуг Приморского края; развитие государственного стратегического планирования с целью формирования гибкой системы управления экономическим развитием Приморского края, в том числе развитием малого и среднего бизнеса в приоритетных сферах экономики, развитием конкуренции на рынках товаров и услуг
A14: ='[2]Приложение № 6 (приложение №5)'!A24 -> 1.1. | B14: ='[2]Приложение № 6 (приложение №5)'!B24 -> Основное мероприятие «Создание благоприятных условий для привлечения инвестиций в экономику Приморского края» | C14: ='[2]Приложение № 6 (приложение №5)'!C24 -> департамент экономики и развития предпринимательства Приморского края | D14: 2013 | E14: 2020 | F14: повышение инвестиционной привлекательности Приморского края, рост привлечения капитала с внешних рынков. Организация работы совещательного органа «Экспертный (общественный) совет по привлечению инвестиций» в целях повышения эффективности проводимой на территории Приморского края инвестиционной политики | G14: обеспечение темпов роста экономики, предусматриваемых инновационным сценарием развития, при опережающем росте инвестиций в высокотехнологичные производства. Оказывает прямое влияние на все показатели подпрограммы, оказывает непосредственное влияние на достижение следующих показателей: объем инвестиций по отношению к ВРП Приморского края
A15: ='[2]Приложение № 6 (приложение №5)'!A27 -> 1.1.1. | B15: ='[2]Приложение № 6 (приложение №5)'!B27 -> Предоставление автономной некоммерческой организации (далее - АНО) «Агентство по привлечению инвестиций в Приморский край» субсидии из краевого бюджета на осуществление уставной деятельности | C15: ='[2]Приложение № 6 (приложение №5)'!C27 -> департамент экономики и развития предпринимательства Приморского края | D15: 2013 | E15: 2013 | F15: создание и организация деятельности АНО «Агентство по привлечению инвестиций в Приморский край» в целях предоставления услуг в сфере повышения инвестиционной привлекательности Приморского края, роста привлечения капитала с внешних рынков | G15: прирост инвестиций в основной капитал к предыдущему году, прирост инвестиций в основной капитал без учета бюджетных средств
A16: ='[2]Приложение № 6 (приложение №5)'!A28 -> 1.1.2. | B16: ='[2]Приложение № 6 (приложение №5)'!B28 -> Предоставление АНО «Инвестиционное Агентство Приморского края» субсидии из краевого бюджета на осуществление уставной деятельности | C16: ='[2]Приложение № 6 (приложение №5)'!C28 -> департамент экономики и развития предпринимательства Приморского края | D16: 2013 | E16: 2016 | F16: организация деятельности АНО «Инвестиционное Агентство Приморского края» в целях предоставления услуг в сфере повышения инвестиционной привлекательности Приморского края, роста привлечения капитала с внешних рынков | G16: прирост инвестиций в основной капитал к предыдущему году, прирост инвестиций в основной капитал без учета бюджетных средств
B17: Контрольное событие 1. Разработка порядка определения объема и условий предоставления АНО «Инвестиционное Агентство Приморского края» субсидий из краевого бюджета на осуществление уставной деятельности | C17: департамент экономики и развития предпринимательства Приморского края | D17: дата наступления контрольного события (месяц, год): март 2015 г. | F17: разработан порядок определения объема и условий предоставления АНО «Инвестиционное Агентство Приморского края» субсидий из краевого бюджета на осуществление уставной деятельности
B18: Контрольное событие 2. Заключение соглашения между департаментом экономики и стратегического развития Приморского края и АНО «Инвестиционное Агентство Приморского края» о предоставлении субсидии из краевого бюджета | C18: департамент экономики и развития предпринимательства Приморского края | D18: дата наступления контрольного события (месяц, год): май 2015 г. май 2016 г. | F18: заключено соглашение между департаментом экономики и стратегического развития Приморского края и АНО «Инвестиционное Агентство Приморского края» о предоставлении субсидии из краевого бюджета
A19: ='[2]Приложение № 6 (приложение №5)'!A30 -> 1.1.3. | B19: ='[2]Приложение № 6 (приложение №5)'!B30 -> Организация ежегодного Тихоокеанского экономического конгресса | C19: ='[2]Приложение № 6 (приложение №5)'!C30 -> департамент экономики и развития предпринимательства Приморского края | D19: 2013 | E19: 2013 | F19: формирование репутации края как привлекательной и безопасной инвестиционной площадки в АТР. Повышение информированности потенциальных инвесторов об инвестиционных возможностях Приморского края. Проведение качественного маркетинга территории на всех уровнях | G19: задает вектор на опережающий рост экономики края. Оказывает прямое влияние на все показатели подпрограммы, оказывает непосредственное влияние на достижение следующих показателей: объем инвестиций по отношению к ВРП Приморского края, прирост инвестиций в основной капитал к предыдущему году, прирост инвестиций в основной капитал без учета бюджетных средств
A20: ='[2]Приложение № 6 (приложение №5)'!A32 -> 1.1.4. | B20: ='[2]Приложение № 6 (приложение №5)'!B32 -> Организация работы по оценке инвестиционной привлекательности Приморского края в рейтинговых исследованиях российских и зарубежных рейтинговых агентств | C20: ='[2]Приложение № 6 (приложение №5)'!C32 -> департамент экономики и развития предпринимательства Приморского края | D20: 2013 | E20: 2017
A21: ='[2]Приложение № 6 (приложение №5)'!A35 -> 1.1.5. | B21: ='[2]Приложение № 6 (приложение №5)'!B35 -> Создание и программное сопровождение многоязычного интернет-портала об инвестиционной деятельности в Приморском крае | C21: ='[2]Приложение № 6 (приложение №5)'!C35 -> департамент экономики и развития предпринимательства Приморского края; | D21: 2013 | E21: 2013
C22: ='[2]Приложение № 6 (приложение №5)'!C38 -> департамент информатизации и телекоммуникаций Приморского края
A23: ='[2]Приложение № 6 (приложение №5)'!A39 -> 1.1.6. | B23: ='[2]Приложение № 6 (приложение №5)'!B39 -> Разработка и издание печатного материала «Инвестиционный паспорт Приморского края» | C23: ='[2]Приложение № 6 (приложение №5)'!C39 -> департамент экономики и развития предпринимательства Приморского края | D23: 2013 | E23: 2015
A24: ='[2]Приложение № 6 (приложение №5)'!A42 -> 1.1.7. | B24: ='[2]Приложение № 6 (приложение №5)'!B42 -> Разработка и издание печатного материала «Каталог инвестиционных проектов Приморского края» | C24: ='[2]Приложение № 6 (приложение №5)'!C42 -> департамент экономики и развития предпринимательства Приморского края | D24: 2013 | E24: 2015
A25: ='[2]Приложение № 6 (приложение №5)'!A45 -> 1.1.8. | B25: ='[2]Приложение № 6 (приложение №5)'!B45 -> Создание (строительство, реконструкция) объектов инфраструктуры для краевых государственных нужд, необходимой для обеспечения функционирования инвестиционных проектов Приморского края | C25: ='[2]Приложение № 6 (приложение №5)'!C45 -> департамент экономики и развития предпринимательства Приморского края | D25: 2013 | E25: 2020 | F25: преодоление ограничений в инфраструктурных отраслях. Привлечение к реализации инвестиционных проектов федеральных и частных структур на принципах частно-государственного партнерства. Формирование отраслевых и инновационных кластеров и повышение на этой основе конкурентоспособности и инвестиционной привлекательности экономики Приморского края. Создание объектов транспортной, энергетической, коммунальной инфраструктуры с участием средств краевого бюджета | G25: оказывает прямое влияние на все показатели подпрограммы, оказывает непосредственное влияние на достижение следующих показателей: объем инвестиций по отношению к ВРП Приморского края, прирост инвестиций в основной капитал к предыдущему году, прирост инвестиций в основной капитал без учета бюджетных средств
B26: Контрольное событие 1. Разработка и принятие Закона Приморского края «Об участии Приморского края в проектах государственно-частного партнерства» | C26: департамент экономики и развития предпринимательства Приморского края | D26: дата наступления контрольного события (месяц, год): февраль 2015 г. | F26: разработан и принят Закон Приморского края «Об участии Приморского края в проектах государственно-частного партнерства»
B27: Контрольное событие 2. Разработка Закона Приморского края «О внесении изменений в Закон Приморского края «О государственной поддержке инвестиционной деятельности в Приморском крае» | C27: департамент экономики и развития предпринимательства Приморского края | D27: дата наступления контрольного события (месяц, год): сентябрь 2015 г. | F27: разработан закон Приморского края «О внесении изменений в Закон Приморского края «О государственной поддержке инвестиционной деятельности в Приморском крае»
A28: ='[2]Приложение № 6 (приложение №5)'!A48 -> 1.1.9. | B28: ='[2]Приложение № 6 (приложение №5)'!B48 -> Обеспечение открытого информационного пространства инвестиционной деятельности | C28: ='[2]Приложение № 6 (приложение №5)'!C48 -> департамент экономики и развития предпринимательства Приморского края; | D28: 2013 | E28: 2020 | F28: увеличение числа инвесторов, заинтересованных в реализации проектов в Приморском крае. Ускорение принятия решений по инвестиционным проектам, активизация инвестиционных процессов в крае | G28: оказывает прямое влияние на все показатели подпрограммы, оказывает непосредственное влияние на достижение следующих показателей: объем инвестиций по отношению к ВРП Приморского края, прирост инвестиций в основной капитал к предыдущему году, прирост инвестиций в основной капитал без учета бюджетных средств
C29: ='[2]Приложение № 6 (приложение №5)'!C49 -> департамент информатизации и телекоммуникаций Приморского края
A30: ='[2]Приложение № 6 (приложение №5)'!A50 -> 1.2. | B30: ='[2]Приложение № 6 (приложение №5)'!B50 -> Основное мероприятие «Развитие особых экономических зон» | C30: ='[2]Приложение № 6 (приложение №5)'!C50 -> департамент промышленности Приморского края | D30: 2014 | E30: 2017 | F30: создание эффективной инновационной инфраструктуры на территориях особых экономических зон Приморского края; создание инженерной, транспортной, социальной, инновационной и иной инфраструктуры особых экономических зон Приморского края; формирование системы управления особых экономических зон Приморского края; обеспечение контроля за исполнением резидентами соглашений о ведении деятельности на территории особых экономических зон Приморского края; развитие экспорта высокотехнологичной продукции и интеллектуальных услуг; создание новых рабочих мест в Приморском крае | G30: прирост инвестиций в основной капитал к предыдущему году, прирост инвестиций в основной капитал без учета бюджетных средств
A31: ='[2]Приложение № 6 (приложение №5)'!A52 -> 1.2.1. | B31: ='[2]Приложение № 6 (приложение №5)'!B52 -> Взнос в уставный капитал акционерного общества «Владивосток Индастриал Сервис» в целях создания инновационной, инженерной, транспортной, социльной и иной инфраструктуры особой экономической зоны промышленно-производственнго типа в городе Владивостоке | C31: ='[2]Приложение № 6 (приложение №5)'!C52 -> департамент промышленности Приморского края | D31: 2014 | E31: 2017 | F31: увеличение с 75 тыс. авто до 100 тыс. авто объема сборки автомобилей в Приморском крае, переход на мелкоузловую сборку автомобилей, создание объектов инфраструктуры особой экономической зоны промышленно-производственного типа на территории города Владивостока | G31: прирост инвестиций в основной капитал к предыдущему году, прирост инвестиций в основной капитал без учета бюджетных средств
B32: Контрольное событие 1. Разработка закона Приморского края «Об установлении льготного налогообложения резидентов особой экономической зоны промышленно-производственного типа в г. Владивостоке» | C32: =C31 -> департамент промышленности Приморского края | D32: дата наступления контрольного события (месяц, год): март 2015 г. | F32: разработан закон Приморского края «Об установлении льготного налогообложения резидентов особой экономической зоны промышленно-производственного типа в г. Владивостоке»
B33: Контрольное событие 2. Разработка закона Приморского края «Об установлении налоговых льгот резидентам территорий опережающего социально-экономического развития Приморского края» | C33: департамент экономики и развития предпринимательства Приморского края | D33: дата наступления контрольного события (месяц, год): июнь 2015 г. | F33: разработан закон Приморского края «Об установлении налоговых льгот резидентам территорий опережающего социально-экономического развития Приморского края»
B34: Контрольное событие 3. Подготовка проекта решения о предоставлении бюджетных инвестиций управляющей компании особой экономической зоны | C34: департамент экономики и развития предпринимательства Приморского края | D34: дата наступления контрольного события (месяц, год): декабрь 2015 г. | F34: подготовлен проект решения о предоставлении бюджетных инвестиций управляющей компании особой экономической зоны
A35: ='[2]Приложение № 6 (приложение №5)'!A54 -> 1.3. | B35: ='[2]Приложение № 6 (приложение №5)'!B54 -> Основное мероприятие «Содействие развитию моногородов» | C35: департамент экономики и развития предпринимательства Приморского края | D35: 2013 | E35: 2014 | F35: уменьшение зависимости монопрофильных муниципальных образований от градообразующих предприятий, в том числе посредством развития социальной и инженерной инфраструктуры | G35: оказывает влияние на достижение всех показателей подпрограммы
A36: ='[2]Приложение № 6 (приложение №5)'!A57 -> 1.3.1. | B36: ='Приложение № 2 (№5 к ГП)'!B57 -> Предоставление субсидий из краевого бюджета бюджетам монопрофильных муниципальных образований Приморского края на реализацию мероприятий по поддержке и развитию социальной и инженерной инфраструктуры комплексных инвестиционных планов модернизации монопрофильных муниципальных образований Приморского края | C36: ='[2]Приложение № 6 (приложение №5)'!C57 -> департамент экономики и развития предпринимательства Приморского края | D36: 2013 | E36: 2014
A37: ='[2]Приложение № 6 (приложение №5)'!A60 -> 1.4. | B37: ='[2]Приложение № 6 (приложение №5)'!B60 -> Основное мероприятие «Повышение качества оценки регулирующего воздействия нормативных правовых актов и их проектов | C37: ='[2]Приложение № 6 (приложение №5)'!C60 -> департамент экономики и развития предпринимательства Приморского края | D37: 2013 | E37: 2020 | F37: повышение качества государственного регулирования за счет проведения оценки регулирующего воздействия проектов нормативных правовых актов Приморского края, экспертизы нормативных правовых актов Приморского края; правовой экспертизы проектов нормативных правовых актов Приморского края; правовой экспертизы нормативных правовых актов органов местного самоуправления; | G37: оказывает непосредственное влияние на все показатели программы
C38: ='[2]Приложение № 6 (приложение №5)'!C61 -> #REF!
C39: ='[2]Приложение № 6 (приложение №5)'!C62 -> #REF!
C40: ='[2]Приложение № 6 (приложение №5)'!C63 -> #REF!
C41: ='[2]Приложение № 6 (приложение №5)'!C64 -> #REF!
C42: ='[2]Приложение № 6 (приложение №5)'!C65 -> #REF!
C43: ='[2]Приложение № 6 (приложение №5)'!C66 -> #REF!
C44: ='[2]Приложение № 6 (приложение №5)'!C67 -> #REF!
C45: ='[2]Приложение № 6 (приложение №5)'!C68 -> #REF!
C46: ='[2]Приложение № 6 (приложение №5)'!C69 -> #REF!
C47: ='[2]Приложение № 6 (приложение №5)'!C70 -> #REF!
C48: ='[2]Приложение № 6 (приложение №5)'!C71 -> #REF!
C49: ='[2]Приложение № 6 (приложение №5)'!C72 -> #REF!
... C54: ='[2]Приложение № 6 (приложение №5)'!C77 -> #REF!
F55: проведения антикоррупционной экспертизы нормативных правовых актов Администрации Приморского края, Губернатора Приморского края и их проектов, регулирующих вопросы перемещения товаров, услуг и финансовых средств на территории Приморского края
A56: 1.4.1. | B56: Повышение качества регуляторной среды для бизнеса | C56: департамент экономики и развития предпринимательства Приморского края | D56: 2013 | E56: 2020 | F56: повышение качества государственного регулирования за счет проведения оценки регулирующего воздействия проектов нормативных правовых актов Приморского края, экспертизы нормативных правовых актов Приморского края | G56: оказывает непосредственное влияние на показатели подпрограммы
B57: Контрольное событие 1. Подготовка отчета о состоянии оценки регулирующего воздействия в Приморском крае | C57: департамент экономики и развития предпринимательства Приморского края | D57: дата наступления контрольного события (месяц, год): февраль 2015 г. февраль 2016 г. февраль 2017 г. | F57: подготовлен отчет о состоянии оценки регулирующего воздействия в Приморском крае
B58: Контрольное событие 2. Проведение семинара о процедуре оценки регулирующего воздействия для органов исполнительной власти Приморского края, органов местного самоуправления Приморского края | C58: департамент экономики и развития предпринимательства Приморского края | D58: дата наступления контрольного события (месяц, год): июнь 2015 г. | F58: проведен семинар о процедуре оценки регулирующего воздействия для органов исполнительной власти Приморского края, органов местного самоуправления Приморского края
A59: ='[2]Приложение № 6 (приложение №5)'!A96 -> 1.5. | B59: ='[2]Приложение № 6 (приложение №5)'!B96 -> Основное мероприятие «Создание благоприятной конкурентной среды» | C59: ='[2]Приложение № 6 (приложение №5)'!C96 -> департамент экономики и развития предпринимательства Приморского края | D59: 2013 | E59: 2020 | F59: проведение исследования конкурентной среды на рынках товаров и услуг Приморского края, пресечение согласованных действий хозяйствующих субъектов, направленных на недопущение ограничения и устранения конкуренции на рынках товаров и услуг Приморского края, улучшение конкурентного климата на приоритетных рынках | G59: оказывает непосредственное влияние на все показатели программы
C60: ='[2]Приложение № 6 (приложение №5)'!C97 -> #REF!
C61: ='[2]Приложение № 6 (приложение №5)'!C98 -> #REF!
C62: ='[2]Приложение № 6 (приложение №5)'!C99 -> #REF!
C63: ='[2]Приложение № 6 (приложение №5)'!C100 -> #REF!
C64: ='[2]Приложение № 6 (приложение №5)'!C101 -> #REF!
C65: ='[2]Приложение № 6 (приложение №5)'!C102 -> #REF!
C66: ='[2]Приложение № 6 (приложение №5)'!C103 -> #REF!
C67: ='[2]Приложение № 6 (приложение №5)'!C104 -> #REF!
C68: ='[2]Приложение № 6 (приложение №5)'!C106 -> #REF!
C69: ='[2]Приложение № 6 (приложение №5)'!C107 -> #REF!
C70: ='[2]Приложение № 6 (приложение №5)'!C108 -> #REF!
C71: ='[2]Приложение № 6 (приложение №5)'!C109 -> #REF!
C72: ='[2]Приложение № 6 (приложение №5)'!C110 -> #REF!
C73: ='[2]Приложение № 6 (приложение №5)'!C111 -> #REF!
C74: ='[2]Приложение № 6 (приложение №5)'!C112 -> #REF!
C75: ='[2]Приложение № 6 (приложение №5)'!C113 -> #REF!
A76: ='[2]Приложение № 6 (приложение №5)'!A114 -> 1.5.1. | B76: ='[2]Приложение № 6 (приложение №5)'!B114 -> Мониторинг состояния и развития конкурентной среды на рынках товаров и услуг края | C76: ='[2]Приложение № 6 (приложение №5)'!C114 -> департамент экономики и развития предпринимательства Приморского края | D76: 2013 | E76: 2020 | F76: проведение исследования конкурентной среды на рынках товаров и услуг Приморского края, пресечение согласованных действий хозяйствующих субъектов, направленных на недопущение ограничения и устранения конкуренции на рынках товаров и услуг Приморского края, улучшение конкурентного климата на приоритетных рынках | G76: оказывает непосредственное влияние на все показатели программы
B77: Контрольное событие 1. Подготовка отчета о состоянии конкуренции в Приморском крае | C77: ='[2]Приложение № 6 (приложение №5)'!C115 -> департамент экономики и развития предпринимательства Приморского края | D77: дата наступления контрольного события (месяц, год): январь, апрель, июль, октябрь 2015 г. январь, апрель, июль, октябрь 2016 г. январь, апрель, июль, октябрь 2017 г. январь, апрель, июль, октябрь 2018 г. январь, апрель, июль, октябрь 2019 г. январь, апрель, июль, октябрь 2020 г. | F77: подготовлен отчет о состоянии конкуренции в Приморском крае
B78: Контрольное событие 2. Внедрение Стандарта развития конкуренции в Приморском крае. Утверждение состава Совета по содействию развития конкуренции в Приморском крае | C78: департамент экономики и развития предпринимательства Приморского края | D78: дата наступления контрольного события (месяц, год): апрель 2015 г. | F78: распоряжение Губернатора Приморского края об утверждении Совета по содействию развития конкуренции в Приморском крае
B79: Контрольное событие 3. Формирование проекта перечня приоритетных и социально значимых рынков для содействия развитию конкуренции в Приморском крае | C79: департамент экономики и развития предпринимательства Приморского края | D79: дата наступления контрольного события (месяц, год): июль 2015 г. | F79: размещение проекта перечня приоритетных и социально значимых рынков для содействия развитию конкуренции в Приморском крае на официальном сайте департамента экономики и развития предпринимательства Приморского края для публичного обсуждения
B80: Контрольное событие 4. Утверждение Губернатором Приморского края перечня приоритетных и социально значимых рынков для содействия развитию конкуренции в Приморском крае | C80: департамент экономики и развития предпринимательства Приморского края | D80: дата наступления контрольного события (месяц, год): сентябрь 2015 г. | F80: утвержден Губернатором Приморского края перечень приоритетных и социально значимых рынков для содействия развитию конкуренции в Приморском крае
B81: Контрольное событие 5. Разработка дорожной карты по содействию развитию конкуренции на приоритетных и социально значимых рынках для содействия развитию конкуренции в Приморском крае | C81: департамент экономики и развития предпринимательства Приморского края | D81: дата наступления контрольного события (месяц, год): ноябрь 2015 г. | F81: разработана дорожная карта по содействию развитию конкуренции на приоритетных и социально значимых рынках для содействия развитию конкуренции в Приморском крае
B82: Контрольное событие 6. Рассмотрение отчета о внедрении Стандарта развития конкуренции в Приморском крае на заседании Совета по содействию развития конкуренции в Приморском крае | C82: департамент экономики и развития предпринимательства Приморского края | D82: дата наступления контрольного события (месяц, год): февраль 2016 г. февраль 2017 г. февраль 2018 г. февраль 2019 г. февраль 2020 г. | F82: рассмотрен отчет о внедрении Стандарта развития конкуренции в Приморском крае на заседании Совета по содействию развитию конкуренции в Приморском крае
B83: Контрольное событие 7. Проведение заседания Общественного экспертного совета по привлечению инвестиций в Приморский край и(или) заседание Совета по привлечению инвестиций в экономику Приморского края при Губернаторе Приморского края | C83: департамент экономики и развития предпринимательства Приморского края | D83: дата наступления контрольного события (месяц, год): март, июнь, сентябрь, декабрь 2015 г. март, июнь, сентябрь, декабрь 2016 г. март, июнь, сентябрь, декабрь 2017 г. март, июнь, сентябрь, декабрь 2018 г. март, июнь, сентябрь, декабрь 2019 г. март, июнь, сентябрь, декабрь 2020 г. | F83: проведено заседание Общественного экспертного совета по привлечению инвестиций в Приморский край и(или) заседание Совета по привлечению инвестиций в экономику Приморского края при Губернаторе Приморского края
A84: ='[2]Приложение № 6 (приложение №5)'!A115 -> 1.6. | B84: ='[2]Приложение № 6 (приложение №5)'!B115 -> Основное мероприятие «Развитие государственного стратегического планирования» | C84: ='[2]Приложение № 6 (приложение №5)'!C115 -> департамент экономики и развития предпринимательства Приморского края | D84: 2013 | E84: 2020 | F84: развитие государственного стратегического планирования с целью формирования гибкой системы управления экономическим развитием Приморского края, в том числе развитием малого и среднего бизнеса в приоритетных сферах экономики, развитием конкуренции на рынках товаров и услуг | G84: оказывает влияние на достижение всех показателей государственной программы
A85: ='[2]Приложение № 6 (приложение №5)'!A117 -> 1.6.1. | B85: ='[2]Приложение № 6 (приложение №5)'!B117 -> Руководство и управление в сфере установленных функций органов государственной власти Приморского края | C85: ='[2]Приложение № 6 (приложение №5)'!C117 -> департамент экономики и развития предпринимательства Приморского края | D85: 2013 | E85: 2020 | F85: формирование гибкой системы управления экономическим развитием Приморского края, в том числе развитием малого и среднего бизнеса в приоритетных сферах экономики, развитием конкуренции на рынках товаров и услуг | G85: так как мероприятие направлено на реализацию государственной политики и обеспечение макроэкономической стабильности, оно оказывает влияние на достижение всех показателей государственной программы
A86: ='[2]Приложение № 6 (приложение №5)'!A120 -> 1.6.2. | B86: ='[2]Приложение № 6 (приложение №5)'!B120 -> Информационно-техническое сопровождение реализации государственной программы | C86: ='[2]Приложение № 6 (приложение №5)'!C120 -> департамент экономики и развития предпринимательства Приморского края | D86: 2013 | E86: 2020 | F86: обеспечение информационно-технического поля реализации государственной программы | G86: оказывает влияние на достижение всех показателей государственной программы
A87: ='[2]Приложение № 6 (приложение №5)'!A121 -> 1.6.3. | B87: ='[2]Приложение № 6 (приложение №5)'!B121 -> Нормативно-правовое обеспечение создания условий для устойчивого экономического роста в Приморском крае | C87: ='[2]Приложение № 6 (приложение №5)'!C121 -> департамент экономики и развития предпринимательства Приморского края | D87: 2013 | E87: 2020 | F87: обеспечение поддержания в актуальном состоянии нормативно-правовой базы Приморского края по вопросам экономического развития, разработка нормативных правовых актов в соответствии с изменяющимися внешними и внутренними факторами экономического развития Приморского края | G87: оказывает непосредственное влияние на достижение следующих показателей: доля расходов краевого бюджета, формируемая на основе государственных программ Приморского края, в общем объеме расходов краевого бюджета
A88: ='[2]Приложение № 6 (приложение №5)'!A122 -> 1.7. | B88: ='[2]Приложение № 6 (приложение №5)'!B122 -> Основное мероприятие «Реализация механизмов стратегического управления социально-экономическим развитием Приморского края» | C88: департмент проектного управления Приморского края | D88: 2014 | E88: 2020 | F88: определение приоритетов, целей и задач социально-экономического развития Приморского края, согласованных с приоритетами и целями социально-экономического развития Российской Федерации; оценка финансовых ресурсов, необходимых для их реализации; законодательное закрепление приоритетных целей и задач деятельности органов государственной власти Приморского края по решению проблем социально-экономического развития, в том числе определенных в прогнозе социально-экономического развития Приморского края | G88: оказывает влияние на достижение всех показателей государственной программы
A89: ='[2]Приложение № 6 (приложение №5)'!A125 -> 1.7.1. | B89: Руководство и управление в сфере установленных функций органов государственной власти Приморского края | C89: департмент проектного управления Приморского края | D89: 2015 | E89: 2020 | F89: формирование условий для проектного управления
A90: ='[2]Приложение № 6 (приложение №5)'!A127 -> 1.7.2. | B90: ='[2]Приложение № 6 (приложение №5)'!B127 -> Разработка технического задания проекта стратегии социально-экономического развития Приморского края | C90: ='[2]Приложение № 6 (приложение №5)'!C127 -> департамент экономики и развития предпринимательства Приморского края | D90: 2014 | E90: 2015 | F90: разработанное техническое задание проекта стратегии социально-экономического развития Приморского края | G90: оказывает влияние на достижение всех показателей государственной программы
A92: ='[2]Приложение № 6 (приложение №5)'!A129 -> 1.7.3. | B92: ='[2]Приложение № 6 (приложение №5)'!B129 -> Разработка проекта стратегии социально-экономического развития Приморского края | C92: ='[2]Приложение № 6 (приложение №5)'!C129 -> департамент экономики и развития предпринимательства Приморского края | D92: 2015 | E92: 2017 | F92: определение приоритетов, целей и задач социально-экономического развития Приморского края, согласованных с приоритетами и целями социально-экономического развития Российской Федерации; оценка финансовых ресурсов, необходимых для их реализации; законодательное закрепление приоритетных целей и задач деятельности органов государственной власти Приморского края по решению проблем социально-экономического развития, в том числе определенных в прогнозе социально-экономического развития Приморского края | G92: оказывает влияние на достижение всех показателей государственной программы
A94: ='[2]Приложение № 6 (приложение №5)'!A131 -> 1.8. | B94: ='[2]Приложение № 6 (приложение №5)'!B131 -> Основное мероприятие «Обеспечение выполнения комплекса работ по реализации плана статистических работ» | C94: ='[2]Приложение № 6 (приложение №5)'!C131 -> департамент экономики и развития предпринимательства Приморского края | D94: 2015 | E94: 2020 | F94: получение экономико-статистической информации, представление теледоступа к базе готовых документов | G94: оказывает влияние на достижение всех показателей государственной программы
A95: ='[2]Приложение № 6 (приложение №5)'!A133 -> 1.8.1. | B95: ='[2]Приложение № 6 (приложение №5)'!B133 -> Формирование и получение экономико-статистической информации | C95: ='[2]Приложение № 6 (приложение №5)'!C133 -> департамент экономики и развития предпринимательства Приморского края | D95: 2015 | E95: 2020
A96: ='[2]Приложение № 6 (приложение №5)'!A135 -> 2. | B96: ='[2]Приложение № 6 (приложение №5)'!B135 -> Подпрограмма № 2 «Развитие малого и среднего предпринимательства в Приморском крае» на 2013-2020 годы | C96: департамент экономики и развития предпринимательства Приморского края | D96: 2013 | E96: 2020 | F96: повышение конкурентоспособности малого и среднего бизнеса Приморского края; рост числа предпринимателей в приоритетных отраслях экономики, повышение деловой активности и конкурентоспособности за счет повышения эффективности мероприятий финансовой поддержки субъектов малого и среднего предпринимательства; повышение конкурентоспособности малых и средних предприятий Приморского края в приоритетных сферах экономики | G96: оказывает непосредственное влияние на показатели программы, указанные в пунктах 4- 6,8 и показатели подпрограммы, указанные в пунктах 20-38
A97: ='[2]Приложение № 6 (приложение №5)'!A137 -> 2.1. | B97: ='[2]Приложение № 6 (приложение №5)'!B137 -> Основное мероприятие «Финансовая поддержка организаций, образующих инфраструктуру поддержки субъектов малого и среднего предпринимательства» | C97: ='[2]Приложение № 6 (приложение №5)'!C137 -> департамент экономики и развития предпринимательства Приморского края | D97: 2013 | E97: 2020 | F97: повышение конкурентоспособности малого и среднего бизнеса Приморского края. Организация и обеспечение функционирования системообразующих элементов инфраструктуры поддержки малого и среднего предпринимательства | G97: оказывает непосредственное влияние на все показатели подпрограммы, а также следующие показатели государственной программы: доля продукции, произведенной субъектами малого и среднего предпринимательства, в общем объеме ВРП Приморского края; оборот продукции (услуг), производимой малыми предприятиями, в том числе микропредприятиями, и индивидуальными предпринимателями на территории Приморского края
A98: ='[2]Приложение № 6 (приложение №5)'!A140 -> 2.1.1. | B98: ='Приложение № 2 (№5 к ГП)'!B140 -> Финансовая поддержка организациям, образующим инфраструктуру поддержки субъектов малого и среднего предпринимательства, в виде предоставления субсидий на возмещение части затрат, связанных с проведением мероприятий по повышению эффективности и конкурентоспособности субъектов малого и среднего предпринимательства, в том числе производящих инновационные товары (работы, услуги) и (или) внедряющих технологические инновации | C98: ='[2]Приложение № 6 (приложение №5)'!C140 -> департамент экономики и развития предпринимательства Приморского края | D98: 2013 | E98: 2013 | F98: повышение деловой активности и конкурентоспособности малого и среднего бизнеса Приморского края за счет повышения квалификации, обучения, компетентности и предоставления информационно-консультационных услуг субъектам малого и среднего предпринимательства | G98: оказывает непосредственное влияние на все показатели подпрограммы, а также следующие показатели государственной программы: доля продукции, произведенной субъектами малого и среднего предпринимательства, в общем объеме ВРП Приморского края; оборот продукции (услуг), производимой малыми предприятиями, в том числе микропредприятиями, и индивидуальными предпринимателями на территории Приморского края
A99: ='[2]Приложение № 6 (приложение №5)'!A142 -> 2.1.2. | B99: ='Приложение № 2 (№5 к ГП)'!B142 -> Предоставление субсидий автономной некоммерческой организации «Региональный центр координации поддержки экспортно ориентированных субъектов малого и среднего предпринимательства Приморского края» на возмещение затрат, связанных с обеспечением ее деятельности | C99: департамент экономики и развития предпринимательства Приморского края | D99: 2013 | E99: 2020 | F99: развитие экспортного потенциала субъектов малого и среднего предпринимательства, продвижение продукции приморских производителей на внешние и межрегиональные рынки | G99: оказывает непосредственное влияние на все показатели подпрограммы, а также следующие показатели государственной программы: доля продукции, произведенной субъектами малого и среднего предпринимательства, в общем объеме ВРП Приморского края; оборот продукции (услуг), производимой малыми предприятиями, в том числе микропредприятиями, и индивидуальными предпринимателями на территории Приморского края
B100: Контрольное событие 1. Заключение соглашения между департаментом экономики и развития предпринимательства Приморского края и АНО «Региональный центр координации поддержки экспортно ориентированных субъектов малого и среднего предпринимательства Приморского края» о предоставлении субсидии из краевого бюджета, федерального бюджета | C100: департамент экономики и развития предпринимательства Приморского края | D100: дата наступления контрольного события (месяц, год): март, ноябрь 2015 г. март, ноябрь 2016 г. март, ноябрь 2017 г. март, ноябрь 2018 г. март, ноябрь 2019 г. март, ноябрь 2020 г. | F100: предоставление субсидий АНО «Региональный центр координации поддержки экспортно ориентированных субъектов малого и среднего предпринимательства Приморского края» на возмещение затрат, связанных с организацией ее деятельности, позволяет безвозмездно оказывать комплекс услуг субъектам малого и среднего предпринимательства, ориентированным на экспорт. Функционирование данного Центра способствует развитию экспортного потенциала субъектов малого и среднего предпринимательства, налаживанию деловых взаимоотношений с зарубежными партнерами, предприятиями других регионов Дальнего Востока, продвижению продукции приморских производителей на внешний и межрегиональные рынки
A101: ='[2]Приложение № 6 (приложение №5)'!A145 -> 2.1.3. | B101: ='Приложение № 2 (№5 к ГП)'!B146 -> Создание автономной некоммерческой организации «Региональный центр координации поддержки экспортно ориентированных субъектов малого и среднего предпринимательства Приморского края», в том числе посредством предоставления субсидии из краевого бюджета Приморского края – в виде имущественного взноса Приморского края | C101: ='[2]Приложение № 6 (приложение №5)'!C145 -> департамент экономики и развития предпринимательства Приморского края | D101: 2013 | E101: 2013 | F101: развитие экспортного потенциала субъектов малого и среднего предпринимательства, продвижение продукции приморских производителей на внешние и межрегиональные рынки | G101: оказывает непосредственное влияние на все показатели подпрограммы, а также следующие показатели государственной программы: доля продукции, произведенной субъектами малого и среднего предпринимательства, в общем объеме ВРП Приморского края; оборот продукции (услуг), производимой малыми предприятиями, в том числе микропредприятиями, и индивидуальными предпринимателями на территории Приморского края
A102: ='[2]Приложение № 6 (приложение №5)'!A146 -> 2.1.4. | B102: ='Приложение № 2 (№5 к ГП)'!B147 -> Предоставление субсидий некоммерческой организации «Гарантийный фонд Приморского края» на возмещение затрат, связанных с организацией ее деятельности | C102: ='[2]Приложение № 6 (приложение №5)'!C146 -> департамент экономики и развития предпринимательства Приморского края | D102: 2013 | E102: 2020 | F102: повышение доступности кредитно-финансовых ресурсов для субъектов малого и среднего предпринимательства | G102: оказывает непосредственное влияние на все показатели подпрограммы, а также следующие показатели государственной программы: доля продукции, произведенной субъектами малого и среднего предпринимательства, в общем объеме ВРП Приморского края; оборот продукции (услуг), производимой малыми предприятиями, в том числе микропредприятиями, и индивидуальными предпринимателями на территории Приморского края
B103: Контрольное событие 1. Заключение соглашения между департаментом экономики и развития предпринимательства Приморского края и некоммерческой организацией «Гарантийный фонд Приморского края» о предоставлении субсидии из краевого бюджета | C103: департамент экономики и развития предпринимательства Приморского края | D103: дата наступления контрольного события (месяц, год): июнь 2015 г. июнь 2016 г. май 2017 г. май 2018 г. май 2019 г. май 2020 г. | F103: заключено соглашение между департаментом экономики и развития предпринимательства Приморского края и некоммерческой организацией «Гарантийный фонд Приморского края» о предоставлении субсидии из краевого бюджета
A104: ='[2]Приложение № 6 (приложение №5)'!A149 -> 2.2. | B104: ='[2]Приложение № 6 (приложение №5)'!B149 -> Основное мероприятие «Финансовая поддержка субъектов малого и среднего предпринимательства, производящих и реализующих товары (работы, услуги), предназначенные для внутреннего рынка Российской Федерации и (или) экспорта» | C104: ='[2]Приложение № 6 (приложение №5)'!C149 -> департамент экономики и развития предпринимательства Приморского края | D104: 2013 | E104: 2020 | F104: повышение конкурентоспособности малых и средних предприятий Приморского края в приоритетных сферах экономики | G104: оказывает непосредственное влияние на все показатели подпрограммы, а также следующие показатели государственной программы: доля продукции, произведенной субъектами малого и среднего предпринимательства, в общем объеме ВРП Приморского края; оборот продукции (услуг), производимой малыми предприятиями, в том числе микропредприятиями, и индивидуальными предпринимателями на территории Приморского края
A105: ='[2]Приложение № 6 (приложение №5)'!A152 -> 2.2.1. | B105: ='Приложение № 2 (№5 к ГП)'!B158 -> Финансовая поддержка субъектов малого и среднего предпринимательства, производящих и реализующих товары (работы, услуги), предназначенные для внутреннего рынка Российской Федерации, в виде предоставления субсидий с целью возмещения части затрат (планируемых и (или) фактически проведенных), связанных с регистрацией юридического лица или индивидуального предпринимателя, началом предпринимательской деятельности, выплатами по передаче прав на франшизу (паушальный взнос), в виде грантов | C105: ='[2]Приложение № 6 (приложение №5)'!C152 -> департамент экономики и развития предпринимательства Приморского края | D105: 2013 | E105: 2014 | F105: повышение конкурентоспособности субъектов малого предпримательства Приморского края в приоритетных сферах экономики, рост числа предпринимателей | G105: оказывает непосредственное влияние на все показатели подпрограммы, а также следующие показатели государственной программы: доля продукции, произведенной субъектами малого и среднего предпринимательства, в общем объеме ВРП Приморского края; оборот продукции (услуг), производимой малыми предприятиями, в том числе микропредприятиями, и индивидуальными предпринимателями на территории Приморского края
A106: ='[2]Приложение № 6 (приложение №5)'!A154 -> 2.2.2. | B106: ='Приложение № 2 (№5 к ГП)'!B160 -> Предоставление субсидий субъектам малого и среднего предпринимательства на возмещение затрат, связанных с уплатой лизинговых платежей по договорам финансовой аренды (лизинга) | C106: ='[2]Приложение № 6 (приложение №5)'!C154 -> департамент экономики и развития предпринимательства Приморского края | D106: 2013 | E106: 2020 | F106: повышение конкурентоспособности субъектов малого и среднего предпринимательства Приморского края в приоритетных сферах экономики, развитие лизинга оборудования | G106: оказывает непосредственное влияние на все показатели подпрограммы, а также следующие показатели государственной программы: доля продукции, произведенной субъектами малого и среднего предпринимательства, в общем объеме ВРП Приморского края; оборот продукции (услуг), производимой малыми предприятиями, в том числе микропредприятиями, и индивидуальными предпринимателями на территории Приморского края
A107: ='[2]Приложение № 6 (приложение №5)'!A158 -> 2.2.3. | B107: ='Приложение № 2 (№5 к ГП)'!B165 -> Предоставление субсидий субъектам малого и среднего предпринимательства на возмещение части затрат, связанных с разработкой и внедрением инновационной продукции | C107: ='[2]Приложение № 6 (приложение №5)'!C158 -> департамент экономики и развития предпринимательства Приморского края | D107: 2013 | E107: 2013 | F107: повышение конкурентоспособности субъектов малого и среднего предпринимательства Приморского края в приоритетных сферах экономики | G107: оказывает непосредственное влияние на все показатели подпрограммы, а также следующие показатели государственной программы: доля продукции, произведенной субъектами малого и среднего предпринимательства, в общем объеме ВРП Приморского края; оборот продукции (услуг), производимой малыми предприятиями, в том числе микропредприятиями, и индивидуальными предпринимателями на территории Приморского края
A108: ='[2]Приложение № 6 (приложение №5)'!A160 -> 2.2.4. | B108: ='[2]Приложение № 6 (приложение №5)'!B160 -> Предоставление субсидий субъектам малого и среднего предпринимательства на возмещение части затрат, связанных с повышением энергоэффективности производства | C108: ='[2]Приложение № 6 (приложение №5)'!C160 -> департамент экономики и развития предпринимательства Приморского края | D108: 2013 | E108: 2013 | F108: повышение конкурентоспособности субъектов малого и среднего предпринимательства Приморского края в приоритетных сферах экономики | G108: оказывает непосредственное влияние на все показатели подпрограммы, а также следующие показатели государственной программы: доля продукции, произведенной субъектами малого и среднего предпринимательства, в общем объеме ВРП Приморского края; оборот продукции (услуг), производимой малыми предприятиями, в том числе микропредприятиями, и индивидуальными предпринимателями на территории Приморского края
A109: ='[2]Приложение № 6 (приложение №5)'!A162 -> 2.2.5. | B109: ='[2]Приложение № 6 (приложение №5)'!B162 -> Финансовая поддержка субъектов малого и среднего предпринимательства, производящих и реализующих товары (работы, услуги), предназначенные для экспорта | C109: ='[2]Приложение № 6 (приложение №5)'!C162 -> департамент экономики и развития предпринимательства Приморского края | D109: 2013 | E109: 2020 | F109: повышение конкурентоспособности субъектов малого и среднего предпринимательства Приморского края - экспортеров | G109: оказывает непосредственное влияние на все показатели подпрограммы, а также следующие показатели государственной программы: доля продукции, произведенной субъектами малого и среднего предпринимательства, в общем объеме ВРП Приморского края; оборот продукции (услуг), производимой малыми предприятиями, в том числе микропредприятиями, и индивидуальными предпринимателями на территории Приморского края
A110: ='[2]Приложение № 6 (приложение №5)'!A165 -> 2.2.6. | B110: ='Приложение № 2 (№5 к ГП)'!B172 -> Предоставление субсидий индивидуальным предпринимателям, осуществляющим образовательную деятельность по образовательным программам дошкольного образования, а также присмотру и уходу за детьми, на возмещение части затрат, связанных с созданием дошкольных образовательных центров | C110: ='[2]Приложение № 6 (приложение №5)'!C165 -> департамент экономики и развития предпринимательства Приморского края | D110: 2014 | E110: 2020 | F110: повышение конкурентоспособности субъектов малого и среднего предпринимательства Приморского края в приоритетных сферах экономики | G110: оказывает непосредственное влияние на все показатели подпрограммы, а также следующие показатели государственной программы: доля продукции, произведенной субъектами малого и среднего предпринимательства, в общем объеме ВРП Приморского края; оборот продукции (услуг), производимой малыми предприятиями, в том числе микропредприятиями, и индивидуальными предпринимателями на территории Приморского края
...

Sheet Приложение № 4
J1: Приложение № 2 к постановлению Администрации Приморского края Приложение № 4 к государственной программе Приморского края «Экономическое развитие и инновационная экономика Приморского края» на 2013 - 2020 годы, утвержденной постановлением Администрации Приморского края от 7 декабря 2012 года № 382-па
A4: ПРОГНОЗ
A5: сводных показателей государственных заданий на оказание государственных услуг (выполнение работ) краевыми государственными учреждениями в рамках государственной программы Приморского края «Экономическое развитие и инновационная экономика Приморского края» на 2013 - 2020 годы
A7: № п/п | B7: Наименование государственной услуги (работы), показателя объема услуги (работы) | C7: Значение показателя объема государственной услуги (работы) | J7: Расходы краевого бюджета на оказание государственной услуги (выполнение работы), тыс. руб.
C8: 2014 год | D8: 2015 год | E8: 2016 год | F8: 2017 год | G8: 2018 год | H8: 2019 год | I8: 2020 год | J8: 2014 год | K8: 2015 год | L8: 2016 год | M8: 2017 год | N8: 2018 год | O8: 2019 год | P8: 2020 год
A9: 1 | B9: 2 | C9: 3 | D9: 4 | E9: 5 | F9: 6 | G9: 7 | H9: 8 | I9: 9 | J9: 10 | K9: 11 | L9: 12 | M9: 13 | N9: 14 | O9: 15 | P9: 16
A10: 1. | B10: Содержание, ремонт, обеспечение охраны объектов от пожаров и преступных посягательств и эксплуатация зданий (помещений), строений, сооружений, прилегающих к ним территорий и акваторий, используемых государственными органами Приморского края, в том числе по договорам аренды и безвозмездного пользования (включая расходы на текущий ремонт, оплату коммунальных услуг, налогов на имущество) | C10: 63300.2 | D10: 142458.16 | E10: - | F10: - | G10: - | H10: - | I10: - | J10: 194035.96 | K10: 171235 | L10: - | M10: - | N10: - | O10: -
A11: 2. | B11: Обеспечение государственных органов Приморского края электросвязью (количество заключенных договоров) | C11: 17 | D11: 16 | E11: - | F11: - | G11: - | H11: - | I11: - | J11: 20660 | K11: 19200 | L11: - | M11: - | N11: - | O11: - | P11: -
A12: 3. | B12: Транспортное обслуживание государственных органов Приморского края (количество транспортных средств) | C12: 150 | D12: 151 | E12: - | F12: - | G12: - | H12: - | I12: - | J12: 212207.99 | K12: 162545 | L12: - | M12: - | N12: - | O12: - | P12: -
A13: 4. | B13: Материально-техническое обеспечение деятельности государственных органов Приморского края (количество человек) | C13: 3275.5 | D13: 3292 | E13: - | F13: - | G13: - | H13: - | I13: - | J13: 169786.79 | K13: 197011
A14: 5. | B14: Материально-техническое обеспечение мероприятий, проводимых государственными органами Приморского края (количество мероприятий) | C14: 16 | D14: 32 | E14: - | F14: - | G14: - | H14: - | I14: - | J14: 12300 | K14: 19000 | L14: - | M14: - | N14: - | O14: - | P14: -
A15: 6. | B15: Содержание (эксплуатация) имущества, находящегося в государственной (муниципальной) собственности (Обеспечение эксплуатационно-технического обслуживания объектов и помещений, а также содержание указанных объектов и помещений, оборудования и прилегающей территории в надлежащем состоянии ), тыс. кв.м | E15: 145.01 | F15: 145.01 | G15: 145.01 | H15: 145.01 | I15: 145.01 | L15: 341317 | M15: 341317 | N15: 341317 | O15: 341317 | P15: 341317
A16: 7. | B16: Организация и осуществление транспортного обслуживания должностных лиц в случаях, установленных нормативными правовыми актами Российской Федерации, субъектов Российской Федерации, органов местного самоуправления | C16: - | D16: - | E16: 300000 | F16: 249000 | G16: 249000 | H16: 249000 | I16: 249000 | J16: - | K16: - | L16: 159695 | M16: 131715 | N16: 131715 | O16: 131715 | P16: 131715
B17: (Автотранспортное обслуживание лиц и государственных органов, работников их аппаратов, а также Управления делами Президента Российской Федерации и подведомтсвенных ему организаций), машино-часы работы автомобилей (единицы)
A18: 8. | B18: Административное обеспечение деятельности организаций (Организация закупок (Связь), кол-во отчетов | C18: - | D18: - | E18: 4 | F18: 4 | G18: 4 | H18: 4 | I18: 4 | J18: - | K18: - | L18: 19010 | M18: 19010 | N18: 19010 | O18: 19010 | P18: 19010
A19: 9. | B19: Административное обеспечение деятельности организаций (Организация закупок (Общеотраслевые услуги (работы), кол-во отчетов | C19: - | D19: - | E19: 4 | F19: 4 | G19: 4 | H19: 4 | I19: 4 | J19: - | K19: - | L19: 35149 | M19: 35149 | N19: 35149 | O19: 35149 | P19: 35149
A20: 10. | B20: Организация мероприятий (Конференции, семинары), кол-во мероприятий | C20: - | D20: - | E20: 6 | F20: 5 | G20: 5 | H20: 5 | I20: 5 | J20: - | K20: - | L20: 10500 | M20: 500 | N20: 500 | O20: 500 | P20: 500
A21: 11. | B21: Организация мероприятий (Переговоры, встречи, совещания), кол-во мероприятий | C21: - | D21: - | E21: 26 | F21: 7 | G21: 7 | H21: 7 | I21: 7 | J21: - | K21: - | L21: 8000 | M21: 2000 | N21: 2000 | O21: 2000 | P21: 2000
A22: 12. | B22: Организация мероприятий (Народные гуляния, праздники) кол-во мероприятий | C22: - | D22: - | E22: 3 | F22: 1 | G22: 1 | H22: 1 | I22: 1 | J22: - | K22: - | L22: 1000 | M22: 300 | N22: 300 | O22: 300 | P22: 300
A23: ИТОГО | J23: =SUM(J10:J22) -> 608990.74 | K23: =SUM(K10:K22) -> 568991 | L23: =SUM(L10:L22) -> 574671 | M23: =SUM(M10:M22) -> 529991 | N23: =SUM(N10:N22) -> 529991 | O23: =SUM(O10:O22) -> 529991 | P23: =SUM(P10:P22) -> 529991
P24: ».

Sheet Приложение № 2 (№5 к ГП)
J1: Приложение № 2 к постановлению Администрации Приморского края «Приложение № 5 к государственной программе Приморского края «Экономическое развитие и инновационная экономика Приморского края» на 2013 - 2020 годы, утвержденной постановлением Администрации Приморского края от 7 декабря 2012 года № 382-па
A3: ИНФОРМАЦИЯ
A4: о ресурсном обеспечении реализации государственной программы Приморского края «Экономическое развитие и инновационная экономика Приморского края» на 2013 - 2020 годы за счет средств краевого бюджета (тыс. руб.)
A7: № п/п | B7: Наименование подпрограммы, программы, принятой в соответствии с требованиями федерального законодательства в сфере реализации государственной программы | C7: Ответственный исполнитель, соисполнители | D7: Код бюджетной классификации | H7: Расходы (тыс. руб.), годы
D8: ГРБС | E8: Рз Пр | F8: ЦСР | G8: ВР | H8: 2013 | I8: 2014 | J8: 2015 | K8: 2016 | L8: 2017 | M8: 2018 | N8: 2019 | O8: 2020 | P8: всего
A9: 1 | B9: 2 | C9: 3 | D9: 4 | E9: 5 | F9: 6 | G9: 7 | H9: 8 | I9: 9 | J9: 10 | K9: 11 | L9: 12 | M9: 13 | N9: 14 | O9: 15 | P9: 16
B10: ='[2]Приложение № 7 (приложение № 6)'!B10 -> Государственная программа Приморского края «Экономическое развитие и инновационная экономика Приморского края» на 2013 - 2020 годы | C10: всего | D10: Х | E10: Х | F10: Х | G10: Х | H10: =SUM(H11:H19) -> 2169618.2 | I10: =SUM(I11:I19) -> 3001417.5 | J10: =SUM(J11:J19) -> 3340369.8 | K10: =SUM(K11:K19) -> 3097770.6 | L10: =SUM(L11:L19) -> 4450763.4 | M10: =SUM(M11:M19) -> 3721866.9 | N10: =SUM(N11:N19) -> 3720062.8 | O10: =SUM(O11:O19) -> 3618994.3 | P10: =SUM(P11:P19) -> 27120864
C11: департамент экономики и развития предпринимательства Приморского края | D11: 784 | E11: Х | F11: Х | G11: Х | H11: =SUM(H21,H135) -> 294750.3 | I11: =SUM(I21,I135) -> 147438.82 | J11: 183487.54 | K11: =SUM(K21,K135) -> 193366.49 | L11: =SUM(L21,L135) -> 236986.15 | M11: =SUM(M21,M135) -> 122607.09 | N11: =SUM(N21,N135) -> 122607.09 | O11: =SUM(O21,O135) -> 122507.09 | P11: =SUM(P21,P135) -> 1423750.6
C12: департамент промышленности Приморского края | D12: 794 | E12: Х | F12: Х | G12: Х | H12: =SUM(H22) -> 0 | I12: =SUM(I22) -> 0 | J12: =SUM(J22) -> 100000 | K12: =SUM(K22) -> 100000 | L12: =SUM(L22) -> 200000 | M12: =SUM(M22) -> 0 | N12: =SUM(N22) -> 0 | O12: =SUM(O22) -> 0 | P12: =SUM(H12:O12) -> 400000
C13: департамент финансов Приморского края | D13: 752 | E13: Х | F13: Х | G13: Х | H13: =H197 -> 1874867.9 | I13: =I197 -> 1734852.2 | J13: =J197 -> 1972961.4 | K13: =K197 -> 1676755.1 | L13: =L197 -> 2680776.9 | M13: =M197 -> 2685733.8 | N13: =N197 -> 2685733.8 | O13: =O197 -> 2685733.8 | P13: =SUM(H13:O13) -> 17997415
C14: департамент земельных и имущественных отношений Приморского края | D14: 779 | E14: Х | F14: Х | G14: Х | H14: =SUM(H268) -> 0 | I14: =SUM(I268) -> 1119126.5 | J14: =SUM(J268) -> 1075070.8 | K14: =SUM(K268) -> 1089984.7 | L14: =SUM(L268) -> 1295894.8 | M14: =SUM(M268) -> 876420.45 | N14: =SUM(N268) -> 874616.36 | O14: =SUM(O268) -> 773647.85 | P14: =SUM(P268) -> 7104761.5
C15: департамент внутренней политики Приморского края | D15: =D301 -> 789 | E15: =E301 -> Х | F15: =F301 -> Х | G15: =G301 -> Х | H15: =SUM(H301) -> 0 | I15: =SUM(I301) -> 0 | J15: =SUM(J301) -> 4450 | K15: =SUM(K301) -> 23819.85 | L15: =SUM(L301) -> 23460 | M15: =SUM(M301) -> 23460 | N15: =SUM(N301) -> 23460 | O15: =SUM(O301) -> 23460 | P15: =SUM(P301) -> 122109.85
C16: =C302 -> департамент по координации правоохранительной деятельности, исполнения административного законодательства и обеспечения деятельности мировых судей Приморского края | D16: =D302 -> 785 | E16: =E302 -> Х | F16: =F302 -> Х | G16: =G302 -> Х | H16: =H302 -> 0 | I16: =I302 -> 0 | J16: =J302 -> 600 | ... O16: =O302 -> 600 | P16: =SUM(H16:O16) -> 3999.4
C17: департамент проектного управления Приморского края | D17: =D125 -> 798 | E17: =E303 -> Х | F17: =F303 -> Х | G17: =G303 -> Х | H17: =H122 -> 0 | I17: =I122 -> 0 | J17: =J122 -> 3800 | K17: =K123 -> 12845.03 | L17: =L123 -> 13045.6 | M17: =M123 -> 13045.6 | N17: =N123 -> 13045.6 | O17: =O123 -> 13045.6 | P17: =SUM(H17:O17) -> 68827.43
C18: =C304 -> департамент информатизации и телекоммуникаций Приморского края | D18: 755 | E18: =E304 -> Х | F18: =F304 -> Х | G18: =G304 -> Х | H18: =H304 -> 0 | I18: =I304 -> 0 | J18: =J304 -> 0 | K18: =K304 -> 0 | L18: =L304 -> 0 | ... O18: =O304 -> 0 | P18: =SUM(H18:O18) -> 0
C19: =C305 -> департамент информационной политики Приморского края | D19: 771 | E19: =E305 -> Х | F19: =F305 -> Х | G19: =G305 -> Х | H19: =H305 -> 0 | I19: =I305 -> 0 | J19: =J305 -> 0 | K19: =K305 -> 0 | L19: =L305 -> 0 | ... O19: =O305 -> 0 | P19: =SUM(H19:O19) -> 0
A20: ='[2]Приложение № 7 (приложение № 6)'!A27 -> 1. | B20: ='[2]Приложение № 7 (приложение № 6)'!B27 -> Подпрограмма № 1 «Улучшение инвестиционного климата в Приморском крае» на 2013-2020 годы | C20: всего | D20: Х | E20: Х | F20: Х | G20: Х | H20: =SUM(H21:H23) -> 226945.3 | I20: =SUM(I21:I23) -> 79633.822 | J20: =SUM(J21:J23) -> 229553.54 | K20: =SUM(K21:K23) -> 239404.5 | L20: =SUM(L21:L23) -> 375910.04 | M20: =SUM(M21:M23) -> 81985.98 | N20: =SUM(N21:N23) -> 81985.98 | O20: =SUM(O21:O23) -> 81985.98 | P20: =SUM(H20:O20) -> 1397405.1
C21: департамент экономики и развития предпринимательства Приморского края | D21: 784 | E21: Х | F21: Х | G21: Х | H21: =SUM(H24,H26,H54,H56,H115,H123,H131) -> 226945.3 | I21: =SUM(I24,I26,I54,I56,I115,I123,I131) -> 79633.822 | J21: =SUM(J24,J26,J54,J56,J115,J123,J131) -> 125753.54 | K21: =SUM(K26,K56,K60,K78,K96,K116,K124,K132) -> 126559.47 | L21: =SUM(L26,L56,L60,L78,L96,L116,L124,L132) -> 162864.44 | M21: =SUM(M26,M56,M60,M78,M96,M116,M124,M132) -> 68940.38 | N21: =SUM(N26,N56,N60,N78,N96,N116,N124,N132) -> 68940.38 | O21: =SUM(O26,O56,O60,O78,O96,O116,O124,O132) -> 68940.38 | P21: =SUM(H21:O21) -> 928577.71
C22: департамент промышленности Приморского края | D22: 794 | E22: Х | F22: Х | G22: Х | H22: =H50 -> 0 | I22: =I50 -> 0 | J22: =J50 -> 100000 | K22: =K51 -> 100000 | L22: =L51 -> 200000 | M22: =M51 -> 0 | N22: =N51 -> 0 | O22: =O51 -> 0 | P22: =SUM(H22:O22) -> 400000
C23: департамент проектного управления Приморского края | D23: 798 | E23: Х | F23: Х | G23: Х | H23: =H122 -> 0 | I23: =I122 -> 0 | J23: =J122 -> 3800 | K23: =SUM(K123) -> 12845.03 | L23: =SUM(L123) -> 13045.6 | M23: =SUM(M123) -> 13045.6 | N23: =SUM(N123) -> 13045.6 | O23: =SUM(O123) -> 13045.6 | P23: =SUM(H23:O23) -> 68827.43
A24: ='Приложение № 3 (№6 к ГП)'!A36 -> 1.1. | B24: ='Приложение № 3 (№6 к ГП)'!B36 -> Основное мероприятие «Создание благоприятных условий для привлечения инвестиций в экономику Приморского края» | C24: департамент экономики и развития предпринимательства Приморского края | D24: 784 | E24: Х | F24: Х | G24: Х | H24: =SUM(H27,H28,H29,H30,H32,H34,H35,H37,H38,H39,H41,H42,H44,H45,H47,H48) -> 124950 | I24: =SUM(I27,I28,I31,I36,I40,I38,I43,I45,I48) -> 29200 | J24: =SUM(J27,J28,J31,J36,J40,J38,J43,J45,J48) -> 82169 | P24: =H24+I24+J24+K26+L26+M26+N26+O26 -> 482943.07 | Q24: =P27+P28+P30+P32+P35+P38+P39+P42+P45+P48 -> 482943.07
D26: 784 | E26: 0412 | F26: 17 1 01 00000 | G26: Х | K26: =SUM(K27,K28,K29,K30,K32,K34,K35,K37,K38,K39,K41,K42,K44,K45,K47,K48) -> 86700 | L26: =SUM(L27,L28,L29,L30,L32,L34,L35,L37,L38,L39,L41,L42,L44,L45,L47,L48) -> 72924.07 | M26: =SUM(M27,M28,M29,M30,M32,M34,M35,M37,M38,M39,M41,M42,M44,M45,M47,M48) -> 29000 | N26: =SUM(N27,N28,N29,N30,N32,N34,N35,N37,N38,N39,N41,N42,N44,N45,N47,N48) -> 29000 | O26: =SUM(O27,O28,O29,O30,O32,O34,O35,O37,O38,O39,O41,O42,O44,O45,O47,O48) -> 29000 | Q26: =P24-Q24 -> 0
A27: ='Приложение № 3 (№6 к ГП)'!A43 -> 1.1.1. | B27: ='Приложение № 3 (№6 к ГП)'!B43 -> Предоставление автономной некоммерческой организации «Агентство по привлечению инвестиций в Приморский край» субсидии из краевого бюджета на осуществление уставной деятельности | C27: департамент экономики и развития предпринимательства Приморского края | D27: 784 | E27: 0412 | F27: 5225440 | G27: 630 | H27: ='Приложение № 3 (№6 к ГП)'!E45 -> 36500 | I27: ='Приложение № 3 (№6 к ГП)'!F45 -> 0 | J27: ='Приложение № 3 (№6 к ГП)'!G45 -> 0 | K27: ='Приложение № 3 (№6 к ГП)'!H45 -> 0 | L27: ='Приложение № 3 (№6 к ГП)'!I45 -> 0 | M27: ='Приложение № 3 (№6 к ГП)'!J45 -> 0 | N27: ='Приложение № 3 (№6 к ГП)'!K45 -> 0 | O27: ='Приложение № 3 (№6 к ГП)'!L45 -> 0 | P27: =H27+I27+J27+K27+L27+M27+N27+O27 -> 36500
A28: ='Приложение № 3 (№6 к ГП)'!A50 -> 1.1.2. | B28: ='Приложение № 3 (№6 к ГП)'!B50 -> Предоставление автономной некоммерческой организации «Инвестиционное Агентство Приморского края» субсидии из краевого бюджета на осуществление уставной деятельности | C28: департамент экономики и развития предпринимательства Приморского края | D28: 784 | E28: 0412 | F28: 1716047 | G28: 630 | H28: ='Приложение № 3 (№6 к ГП)'!E52 -> 74500 | I28: ='Приложение № 3 (№6 к ГП)'!F52 -> 29000 | J28: ='Приложение № 3 (№6 к ГП)'!G52 -> 82169 | P28: =H28+I28+J28+K29+L29+M29+N29+O29 -> 429293.07
D29: 784 | E29: 0412 | F29: 17 1 01 60470 | G29: 630 | K29: ='Приложение № 3 (№6 к ГП)'!H52 -> 86700 | L29: ='Приложение № 3 (№6 к ГП)'!I52 -> 69924.07 | M29: ='Приложение № 3 (№6 к ГП)'!J52 -> 29000 | N29: ='Приложение № 3 (№6 к ГП)'!K52 -> 29000 | O29: ='Приложение № 3 (№6 к ГП)'!L52 -> 29000
A30: ='Приложение № 3 (№6 к ГП)'!A57 -> 1.1.3. | B30: ='Приложение № 3 (№6 к ГП)'!B57 -> Организация ежегодного Тихоокеанского экономического конгресса | C30: департамент экономики и развития предпринимательства Приморского края | D30: 784 | E30: 0412 | F30: 5225430 | G30: 010 | H30: ='Приложение № 3 (№6 к ГП)'!E59 -> 13700 | K30: ='Приложение № 3 (№6 к ГП)'!H59 -> 0 | L30: ='Приложение № 3 (№6 к ГП)'!I59 -> 0 | M30: ='Приложение № 3 (№6 к ГП)'!J59 -> 0 | N30: ='Приложение № 3 (№6 к ГП)'!K59 -> 0 | O30: ='Приложение № 3 (№6 к ГП)'!L59 -> 0 | P30: =SUM(H30:O30) -> 13700
D31: 784 | E31: 0412 | F31: 1712136 | G31: 240 | I31: ='Приложение № 3 (№6 к ГП)'!F59 -> 0 | J31: ='Приложение № 3 (№6 к ГП)'!G59 -> 0 | P31: =SUM(H31:O31) -> 0
A32: ='Приложение № 3 (№6 к ГП)'!A64 -> 1.1.4. | B32: ='Приложение № 3 (№6 к ГП)'!B64 -> Организация работы по оценке инвестиционной привлекательности Приморского края в рейтинговых исследованиях российских и зарубежных рейтинговых агентств | C32: департамент экономики и развития предпринимательства Приморского края | D32: 784 | E32: 0412 | F32: 5225410 | G32: 010 | H32: ='Приложение № 3 (№6 к ГП)'!E66 -> 0 | I32: ='Приложение № 3 (№6 к ГП)'!F66 -> 0 | J32: ='Приложение № 3 (№6 к ГП)'!G66 -> 0 | P32: =SUM(H32:J33,K34:O34) -> 3000
D33: 784 | E33: 0412 | F33: 1712137 | G33: 240
D34: 784 | E34: 0412 | F34: 17 1 01 22600 | G34: 240 | K34: ='Приложение № 3 (№6 к ГП)'!H66 -> 0 | L34: ='Приложение № 3 (№6 к ГП)'!I66 -> 3000 | M34: ='Приложение № 3 (№6 к ГП)'!J66 -> 0 | N34: ='Приложение № 3 (№6 к ГП)'!K66 -> 0 | O34: ='Приложение № 3 (№6 к ГП)'!L66 -> 0
A35: ='Приложение № 3 (№6 к ГП)'!A71 -> 1.1.5. | B35: ='Приложение № 3 (№6 к ГП)'!B71 -> Создание и программное сопровождение многоязычного интернет-портала об инвестиционной деятельности в Приморском крае | C35: департамент экономики и развития предпринимательства Приморского края | D35: 784 | E35: 0412 | F35: 5225410 | G35: 010 | H35: ='Приложение № 3 (№6 к ГП)'!E73 -> 50 | P35: =SUM(H35:O35) -> 50
D36: 784 | E36: 0412 | F36: 1712137 | G36: 240 | I36: ='Приложение № 3 (№6 к ГП)'!F73 -> 0 | J36: ='Приложение № 3 (№6 к ГП)'!G73 -> 0 | P36: =SUM(H36:O36) -> 0
D37: 784 | E37: 0412 | F37: 17 1 01 22610 | G37: 240 | K37: ='Приложение № 3 (№6 к ГП)'!H73 -> 0 | L37: ='Приложение № 3 (№6 к ГП)'!I73 -> 0 | M37: ='Приложение № 3 (№6 к ГП)'!J73 -> 0 | N37: ='Приложение № 3 (№6 к ГП)'!K73 -> 0 | O37: ='Приложение № 3 (№6 к ГП)'!L73 -> 0 | P37: =SUM(H37:O37) -> 0
C38: департамент информатизации и телекоммуникаций Приморского края | D38: 755 | E38: Х | F38: Х | G38: Х | H38: 0 | I38: 0 | J38: 0 | K38: 0 | L38: 0 | M38: 0 | N38: 0 | O38: 0 | P38: =SUM(H38:O38) -> 0
A39: ='Приложение № 3 (№6 к ГП)'!A78 -> 1.1.6. | B39: ='Приложение № 3 (№6 к ГП)'!B78 -> Разработка и издание печатного материала «Инвестиционный паспорт Приморского края» | C39: департамент экономики и развития предпринимательства Приморского края | D39: 784 | E39: 0412 | F39: 5225410 | G39: 010 | H39: ='Приложение № 3 (№6 к ГП)'!E80 -> 100 | P39: =O41+N41+M41+L41+K41+J40+I40+H39 -> 200
D40: 784 | E40: 0412 | F40: 1712137 | G40: 240 | I40: ='Приложение № 3 (№6 к ГП)'!F80 -> 100 | J40: ='Приложение № 3 (№6 к ГП)'!G80 -> 0 | P40: =SUM(H40:O40) -> 100
D41: 784 | E41: 0412 | F41: 17 1 01 22620 | G41: 240 | K41: ='Приложение № 3 (№6 к ГП)'!H80 -> 0 | L41: ='Приложение № 3 (№6 к ГП)'!I80 -> 0 | M41: ='Приложение № 3 (№6 к ГП)'!J80 -> 0 | N41: ='Приложение № 3 (№6 к ГП)'!K80 -> 0 | O41: ='Приложение № 3 (№6 к ГП)'!L80 -> 0 | P41: =SUM(H41:O41) -> 0
A42: ='Приложение № 3 (№6 к ГП)'!A85 -> 1.1.7. | B42: ='Приложение № 3 (№6 к ГП)'!B85 -> Разработка и издание печатного материала «Каталог инвестиционных проектов Приморского края» | C42: департамент экономики и развития предпринимательства Приморского края | D42: 784 | E42: 0412 | F42: 5225410 | G42: 010 | H42: ='Приложение № 3 (№6 к ГП)'!E87 -> 100 | P42: =O44+N44+M44+L44+K44+J43+I43+H42 -> 200
D43: 784 | E43: 0412 | F43: 1712137 | G43: 240 | I43: ='Приложение № 3 (№6 к ГП)'!F87 -> 100 | J43: ='Приложение № 3 (№6 к ГП)'!G87 -> 0 | P43: =SUM(H43:O43) -> 100
D44: 784 | E44: 0412 | F44: 17 1 01 22630 | G44: 240 | K44: ='Приложение № 3 (№6 к ГП)'!H87 -> 0 | L44: ='Приложение № 3 (№6 к ГП)'!I87 -> 0 | M44: ='Приложение № 3 (№6 к ГП)'!J87 -> 0 | N44: ='Приложение № 3 (№6 к ГП)'!K87 -> 0 | O44: ='Приложение № 3 (№6 к ГП)'!L87 -> 0 | P44: =SUM(H44:O44) -> 0
A45: ='Приложение № 3 (№6 к ГП)'!A92 -> 1.1.8. | B45: ='Приложение № 3 (№6 к ГП)'!B92 -> Создание (строительство, реконструкция) объектов инфраструктуры для краевых государственных нужд, необходимой для обеспечения функционирования инвестиционных проектов Приморского края | C45: департамент экономики и развития предпринимательства Приморского края | D45: 784 | E45: 0412 | F45: 5225420 | G45: 003 | H45: ='Приложение № 3 (№6 к ГП)'!E94 -> 0 | I45: ='Приложение № 3 (№6 к ГП)'!F94 -> 0 | J45: ='Приложение № 3 (№6 к ГП)'!G94 -> 0 | P45: =SUM(H45:J46,K47:O47) -> 0
D46: 784 | E46: 0412 | F46: 1714053 | G46: 410
D47: 784 | E47: 0412 | F47: 17 1 01 40530 | G47: 410 | K47: ='Приложение № 3 (№6 к ГП)'!H94 -> 0 | L47: ='Приложение № 3 (№6 к ГП)'!I94 -> 0 | M47: ='Приложение № 3 (№6 к ГП)'!J94 -> 0 | N47: ='Приложение № 3 (№6 к ГП)'!K94 -> 0 | O47: ='Приложение № 3 (№6 к ГП)'!L94 -> 0
A48: ='Приложение № 3 (№6 к ГП)'!A99 -> 1.1.9. | B48: ='Приложение № 3 (№6 к ГП)'!B99 -> Обеспечение открытого информационного пространства инвестиционной деятельности | C48: департамент экономики и развития предпринимательства Приморского края | D48: 784 | E48: Х | F48: Х | G48: Х | H48: ='Приложение № 3 (№6 к ГП)'!E101 -> 0 | I48: ='Приложение № 3 (№6 к ГП)'!F101 -> 0 | J48: ='Приложение № 3 (№6 к ГП)'!G101 -> 0 | K48: ='Приложение № 3 (№6 к ГП)'!H101 -> 0 | L48: ='Приложение № 3 (№6 к ГП)'!I101 -> 0 | M48: ='Приложение № 3 (№6 к ГП)'!J101 -> 0 | N48: ='Приложение № 3 (№6 к ГП)'!K101 -> 0 | O48: ='Приложение № 3 (№6 к ГП)'!L101 -> 0 | P48: =SUM(H48:O48) -> 0
C49: департамент информатизации и телекоммуникаций Приморского края | D49: 755 | E49: Х | F49: Х | G49: Х | P49: =SUM(H49:O49) -> 0
A50: ='Приложение № 3 (№6 к ГП)'!A106 -> 1.2. | B50: ='Приложение № 3 (№6 к ГП)'!B106 -> Основное мероприятие «Развитие особых экономических зон» | C50: департамент промышленности Приморского края | D50: 794 | E50: Х | F50: Х | G50: Х | H50: =SUM(H52,H53) -> 0 | I50: =SUM(I52,I53) -> 0 | J50: =SUM(J52,J53) -> 100000 | P50: =SUM(H50+I50+J50+K51+L51+M51+N51+O51) -> 400000
D51: 794 | E51: 0412 | F51: 17 1 02 00000 | G51: Х | K51: =SUM(K53,K54) -> 100000 | L51: =SUM(L53,L54) -> 200000 | M51: =SUM(M53,M54) -> 0 | N51: =SUM(N53,N54) -> 0 | O51: =SUM(O53,O54) -> 0
A52: ='Приложение № 3 (№6 к ГП)'!A113 -> 1.2.1. | B52: ='Приложение № 3 (№6 к ГП)'!B113 -> Взнос в уставный капитал акционерного общества «Владивосток Индастриал Сервис» в целях создания инновационной, инженерной, транспортной, социальной и иной инфраструктуры особой экономической зоны промышленно-производственного типа в городе Владивостоке | C52: департамент промышленности Приморского края | D52: 794 | E52: 0412 | F52: 1714099 | G52: 450 | H52: ='Приложение № 3 (№6 к ГП)'!E115 -> 0 | I52: ='Приложение № 3 (№6 к ГП)'!F115 -> 0 | J52: ='Приложение № 3 (№6 к ГП)'!G115 -> 100000 | P52: =SUM(H52:J52,K53:N53) -> 400000
D53: 794 | E53: 0412 | F53: 17 1 02 40990 | G53: 450 | K53: ='Приложение № 3 (№6 к ГП)'!H115 -> 100000 | L53: ='Приложение № 3 (№6 к ГП)'!I115 -> 200000 | M53: ='Приложение № 3 (№6 к ГП)'!J115 -> 0 | N53: ='Приложение № 3 (№6 к ГП)'!K115 -> 0 | O53: ='Приложение № 3 (№6 к ГП)'!L115 -> 0
A54: ='Приложение № 3 (№6 к ГП)'!A120 -> 1.3. | B54: ='Приложение № 3 (№6 к ГП)'!B120 -> Основное мероприятие «Содействие развитию моногородов» | C54: департамент экономики и развития предпринимательства Приморского края | D54: 784 | E54: 0412 | F54: Х | G54: Х | H54: =SUM(H57,H59) -> 54803.5 | I54: =SUM(I58,I59) -> 1285.21 | J54: =SUM(J58,J59) -> 0 | P54: =SUM(H54:J55,K56:O56) -> 56088.71
D56: 784 | E56: 0412 | F56: 17 1 03 00000 | G56: 520 | K56: =SUM(K59,K61) -> 0 | L56: =SUM(L59,L61) -> 0 | M56: =SUM(M59,M61) -> 0 | N56: =SUM(N59,N61) -> 0 | O56: =SUM(O59,O61) -> 0
A57: ='Приложение № 3 (№6 к ГП)'!A127 -> 1.3.1. | B57: ='Приложение № 3 (№6 к ГП)'!B127 -> Предоставление субсидий из краевого бюджета бюджетам монопрофильных муниципальных образований Приморского края на реализацию мероприятий по поддержке и развитию социальной и инженерной инфраструктуры комплексных инвестиционных планов модернизации монопрофильных муниципальных образований Приморского края | C57: департамент экономики и развития предпринимательства Приморского края | D57: 784 | E57: 0412 | F57: 5230002 | G57: 010 | H57: ='Приложение № 3 (№6 к ГП)'!E129 -> 54803.5 | P57: =SUM(H57:J58,K59:O59) -> 56088.71
D58: 784 | E58: 0412 | F58: 1719243 | G58: 520 | I58: ='Приложение № 3 (№6 к ГП)'!F129 -> 1285.21 | J58: ='Приложение № 3 (№6 к ГП)'!G129 -> 0
D59: 784 | E59: 0412 | F59: 17 1 03 92430 | G59: 520 | K59: ='Приложение № 3 (№6 к ГП)'!H129 -> 0 | L59: ='Приложение № 3 (№6 к ГП)'!I129 -> 0 | M59: ='Приложение № 3 (№6 к ГП)'!J129 -> 0 | N59: ='Приложение № 3 (№6 к ГП)'!K129 -> 0 | O59: ='Приложение № 3 (№6 к ГП)'!L129 -> 0
A60: ='Приложение № 3 (№6 к ГП)'!A134 -> 1.4. | B60: ='Приложение № 3 (№6 к ГП)'!B134 -> Основное мероприятие «Повышение качества оценки регулирующего воздействия нормативных правовых актов и их проектов» | C60: департамент экономики и развития предпринимательства Приморского края | D60: 784 | E60: Х | F60: Х | G60: Х | H60: ='Приложение № 3 (№6 к ГП)'!E136 -> 0 | I60: ='Приложение № 3 (№6 к ГП)'!F136 -> 0 | J60: ='Приложение № 3 (№6 к ГП)'!G136 -> 0 | P60: =SUM(H60:O60) -> 0
D62: 784 | E62: Х | F62: 17 1 04 00000 | G62: Х | K62: ='Приложение № 3 (№6 к ГП)'!H136 -> 0 | L62: ='Приложение № 3 (№6 к ГП)'!I136 -> 0 | M62: ='Приложение № 3 (№6 к ГП)'!J136 -> 0 | N62: ='Приложение № 3 (№6 к ГП)'!K136 -> 0 | O62: ='Приложение № 3 (№6 к ГП)'!L136 -> 0
P63: =SUM(H63:O63) -> 0
P64: =SUM(H64:O64) -> 0
P65: =SUM(H65:O65) -> 0
P66: =SUM(H66:O66) -> 0
P67: =SUM(H67:O67) -> 0
P68: =SUM(H68:O68) -> 0
P69: =SUM(H69:O69) -> 0
P70: =SUM(H70:O70) -> 0
P71: =SUM(H71:O71) -> 0
P72: =SUM(H72:O72) -> 0
P73: =SUM(H73:O73) -> 0
P74: =SUM(H74:O74) -> 0
... P77: =SUM(H77:O77) -> 0
A78: ='Приложение № 3 (№6 к ГП)'!A141 -> 1.4.1. | B78: ='Приложение № 3 (№6 к ГП)'!B141 -> Повышение качества регуляторной среды для бизнеса | C78: департамент экономики и развития предпринимательства Приморского края | D78: 784 | E78: Х | F78: Х | H78: ='Приложение № 3 (№6 к ГП)'!E143 -> 0 | I78: ='Приложение № 3 (№6 к ГП)'!F143 -> 0 | J78: ='Приложение № 3 (№6 к ГП)'!G143 -> 0 | K78: ='Приложение № 3 (№6 к ГП)'!H143 -> 0 | L78: 0 | M78: 0 | N78: 0 | O78: 0 | P78: 0
A96: ='Приложение № 3 (№6 к ГП)'!A148 -> 1.5. | B96: ='Приложение № 3 (№6 к ГП)'!B148 -> Основное мероприятие «Создание благоприятной конкурентной среды» | C96: департамент экономики и развития предпринимательства Приморского края | D96: 784 | E96: Х | F96: Х | G96: Х | H96: =SUM(H114) -> 0 | I96: =SUM(I114) -> 0 | J96: =SUM(J114) -> 0 | P96: =SUM(H96:O96) -> 0
P97: =SUM(H97:O97) -> 0
D98: 784 | E98: Х | F98: 1710500000 | G98: Х | K98: =SUM(K117) -> 0 | L98: =SUM(L117) -> 0 | M98: =SUM(M117) -> 0 | N98: =SUM(N117) -> 0 | O98: =SUM(O117) -> 0 | P98: =SUM(H98:O98) -> 0
P99: =SUM(H99:O99) -> 0
P100: =SUM(H100:O100) -> 0
P101: =SUM(H101:O101) -> 0
P102: =SUM(H102:O102) -> 0
P103: =SUM(H103:O103) -> 0
P104: =SUM(H104:O104) -> 0
P105: =SUM(H105:O105) -> 0
P106: =SUM(H106:O106) -> 0
P107: =SUM(H107:O107) -> 0
P108: =SUM(H108:O108) -> 0
P109: =SUM(H109:O109) -> 0
P110: =SUM(H110:O110) -> 0
... P113: =SUM(H113:O113) -> 0
A114: ='Приложение № 3 (№6 к ГП)'!A155 -> 1.5.1. | B114: ='Приложение № 3 (№6 к ГП)'!B155 -> Мониторинг состояния и развития конкурентной среды на рынках товаров и услуг края | C114: департамент экономики и развития предпринимательства Приморского края | D114: 784 | E114: Х | F114: Х | G114: Х | H114: ='Приложение № 3 (№6 к ГП)'!E157 -> 0 | I114: ='Приложение № 3 (№6 к ГП)'!F157 -> 0 | J114: ='Приложение № 3 (№6 к ГП)'!G157 -> 0 | K114: ='Приложение № 3 (№6 к ГП)'!H157 -> 0 | L114: ='Приложение № 3 (№6 к ГП)'!I157 -> 0 | M114: ='Приложение № 3 (№6 к ГП)'!J157 -> 0 | N114: ='Приложение № 3 (№6 к ГП)'!K157 -> 0 | O114: ='[2]Приложение № 7 (приложение № 6)'!L157 -> 0 | P114: =SUM(H114:O114) -> 0
A115: ='Приложение № 3 (№6 к ГП)'!A162 -> 1.6. | B115: ='Приложение № 3 (№6 к ГП)'!B162 -> Основное мероприятие «Развитие государственного стратегического планирования» | C115: департамент экономики и развития предпринимательства Приморского края | D115: 784 | E115: 0113 | F115: Х | G115: Х | H115: =SUM(H117:H121) -> 47191.8 | I115: =SUM(I117:I121) -> 49148.612 | J115: =SUM(J117:J121) -> 42755.14 | P115: =SUM(H115:O115)+SUM(K116:O116) -> 334569.49
D116: 784 | E116: 0113 | F116: 1710600000 | K116: =SUM(K119:K121) -> 39030.06 | L116: =SUM(L119:L121) -> 39110.97 | M116: =SUM(M119:M121) -> 39110.97 | N116: =SUM(N119:N121) -> 39110.97 | O116: =SUM(O119:O121) -> 39110.97
A117: ='Приложение № 3 (№6 к ГП)'!A169 -> 1.6.1. | B117: ='Приложение № 3 (№6 к ГП)'!B169 -> Руководство и управление в сфере установленных функций органов государственной власти Приморского края | C117: департамент экономики и развития предпринимательства Приморского края | D117: 784 | E117: 0113 | F117: 0020400 | G117: 012 | H117: ='Приложение № 3 (№6 к ГП)'!E171 -> 47191.8 | P117: =SUM(H117,I118:J118,K119:O119) -> 334569.49
D118: 784 | E118: 0113 | F118: 1791003 | G118: 120, 240, 850 | I118: ='Приложение № 3 (№6 к ГП)'!F171 -> 49148.612 | J118: ='Приложение № 3 (№6 к ГП)'!G171 -> 42755.14
D119: 784 | E119: 0113 | F119: 17 1 06 10030 | G119: 120, 240, 850 | K119: ='Приложение № 3 (№6 к ГП)'!H171 -> 39030.06 | L119: ='Приложение № 3 (№6 к ГП)'!I171 -> 39110.97 | M119: ='Приложение № 3 (№6 к ГП)'!J171 -> 39110.97 | N119: ='Приложение № 3 (№6 к ГП)'!K171 -> 39110.97 | O119: ='Приложение № 3 (№6 к ГП)'!L171 -> 39110.97
A120: ='Приложение № 3 (№6 к ГП)'!A176 -> 1.6.2. | B120: ='Приложение № 3 (№6 к ГП)'!B176 -> Информационно-техническое сопровождение реализации государственной программы | C120: департамент экономики и развития предпринимательства Приморского края | D120: 784 | E120: Х | F120: Х | G120: Х | H120: ='Приложение № 3 (№6 к ГП)'!E178 -> 0 | I120: ='Приложение № 3 (№6 к ГП)'!F178 -> 0 | J120: ='Приложение № 3 (№6 к ГП)'!G178 -> 0 | K120: ='Приложение № 3 (№6 к ГП)'!H178 -> 0 | L120: ='Приложение № 3 (№6 к ГП)'!I178 -> 0 | M120: ='Приложение № 3 (№6 к ГП)'!J178 -> 0 | N120: ='Приложение № 3 (№6 к ГП)'!K178 -> 0 | O120: ='Приложение № 3 (№6 к ГП)'!L178 -> 0 | P120: =SUM(H120:O120) -> 0
A121: ='Приложение № 3 (№6 к ГП)'!A183 -> 1.6.3. | B121: ='Приложение № 3 (№6 к ГП)'!B183 -> Нормативно-правовое обеспечение создания условий для устойчивого экономического роста в Приморском крае | C121: департамент экономики и развития предпринимательства Приморского края | D121: 784 | E121: Х | F121: Х | G121: Х | H121: ='[2]Приложение № 7 (приложение № 6)'!E185 -> 0 | I121: ='[2]Приложение № 7 (приложение № 6)'!F185 -> 0 | J121: ='[2]Приложение № 7 (приложение № 6)'!G185 -> 0 | K121: ='[2]Приложение № 7 (приложение № 6)'!H185 -> 0 | L121: ='[2]Приложение № 7 (приложение № 6)'!I185 -> 0 | M121: ='[2]Приложение № 7 (приложение № 6)'!J185 -> 0 | N121: ='[2]Приложение № 7 (приложение № 6)'!K185 -> 0 | O121: ='[2]Приложение № 7 (приложение № 6)'!L185 -> 0 | P121: =SUM(H121:O121) -> 0
A122: ='Приложение № 3 (№6 к ГП)'!A190 -> 1.7. | B122: ='Приложение № 3 (№6 к ГП)'!B190 -> Основное мероприятие «Реализация механизмов стратегического управления социально-экономическим развитием Приморского края» | C122: департамент проектного управления Приморского края | D122: 798 | E122: Х | F122: Х | G122: Х | H122: =H125 -> 0 | I122: =I125 -> 0 | J122: =J125 -> 3800 | P122: =H122+I122+J122+K123+K124+L123+M123+N123+O123 -> 68827.43
D123: 798 | E123: Х | F123: 1710700000 | G123: Х | H123: =H127+H129 -> 0 | I123: =I127+I129 -> 0 | J123: =J127+J129 -> 0 | K123: =SUM(K126) -> 12845.03 | L123: =SUM(L126) -> 13045.6 | M123: =SUM(M126) -> 13045.6 | N123: =SUM(N126) -> 13045.6 | O123: =SUM(O126) -> 13045.6
C124: департамент экономики и развития предпринимательства Приморского края | D124: 784 | E124: Х | F124: 1710700000 | G124: Х | K124: =SUM(K128,K130) -> 0 | L124: =SUM(L128,L130) -> 50000 | M124: =SUM(M128,M130) -> 0 | N124: =SUM(N128,N130) -> 0 | O124: =SUM(O128,O130) -> 0
A125: ='Приложение № 3 (№6 к ГП)'!A198 -> 1.7.1. | B125: ='Приложение № 3 (№6 к ГП)'!B198 -> Руководство и управление в сфере установленных функций органов государственной власти Приморского края | C125: департамент проектного управления Приморского края | D125: 798 | E125: 0113 | F125: 1791003 | G125: 120, 240, 850 | H125: ='Приложение № 3 (№6 к ГП)'!E200 -> 0 | I125: ='Приложение № 3 (№6 к ГП)'!F200 -> 0 | J125: ='Приложение № 3 (№6 к ГП)'!G200 -> 3800 | P125: =H125+I125+J125+K126+L126+M126+N126+O126 -> 68827.43
D126: 798 | E126: 0113 | F126: 17 1 07 10030 | G126: 120, 240, 850 | K126: ='Приложение № 3 (№6 к ГП)'!H200 -> 12845.03 | L126: ='Приложение № 3 (№6 к ГП)'!I200 -> 13045.6 | M126: ='Приложение № 3 (№6 к ГП)'!J200 -> 13045.6 | N126: ='Приложение № 3 (№6 к ГП)'!K200 -> 13045.6 | O126: ='Приложение № 3 (№6 к ГП)'!L200 -> 13045.6
A127: ='Приложение № 3 (№6 к ГП)'!A205 -> 1.7.2. | B127: ='Приложение № 3 (№6 к ГП)'!B205 -> Разработка технического задания проекта стратегии социально-экономического развития Приморского края | C127: департамент экономики и развития предпринимательства Приморского края | D127: 784 | E127: 0412 | F127: 1792220 | G127: 240 | H127: ='Приложение № 3 (№6 к ГП)'!E207 -> 0 | I127: ='Приложение № 3 (№6 к ГП)'!F207 -> 0 | J127: ='Приложение № 3 (№6 к ГП)'!G207 -> 0 | P127: =H127+I127+J127+K128+L128+M128+N128+O128 -> 0
...

Sheet Приложение № 3 (№6 к ГП)
H1: Приложение № 3 к постановлению Администрации Приморского края «Приложение № 6 к государственной программе Приморского края «Экономическое развитие и инновационная экономика Приморского края» на 2013 - 2020 годы, утвержденной постановлением Администрации Приморского края от 7 декабря 2012 года № 382-па
A3: ИНФОРМАЦИЯ
A4: о ресурсном обеспечении государственной программы Приморского края «Экономическое развитие и инновационная экономика Приморского края» на 2013 - 2020 годы за счет средств краевого бюджета и прогнозная оценка привлекаемых на реализацию ее целей средств федерального бюджета, бюджетов государственных внебюджетных фондов, иных внебюджетных источников, бюджетов муниципальных образований Приморского края в случае участия Приморского края в реализации муниципальных программ, аналогичных мероприятиям государственной программы Приморского края
A7: № п/п | B7: Наименование подпрограммы, программы, принятой в соответствии с требованиями федерального законодательства в сфере реализации государственной программы | C7: Источники ресурсного обеспечения | D7: ГРБС | E7: Оценка расходов (тыс. руб.), годы
E8: 2013 | F8: 2014 | G8: 2015 | H8: 2016 | I8: 2017 | J8: 2018 | K8: 2019 | L8: 2020 | M8: Всего
A9: 1 | B9: 2 | C9: 3 | D9: 4 | E9: 5 | F9: 6 | G9: 7 | H9: 8 | I9: 9 | J9: 10 | K9: 11 | L9: 12 | M9: 13
B10: Государственная программа Приморского края «Экономическое развитие и инновационная экономика Приморского края» на 2013 - 2020 годы | C10: всего | D10: Х | E10: =E27+E233+E429+E527+E632 -> 3384061.8 | F10: =F27+F233+F429+F527+F632 -> 7271300.1 | G10: =G27+G233+G429+G527+G632 -> 4319461.8 | H10: =H27+H233+H429+H527+H632 -> 3956711.2 | I10: =I27+I233+I429+I527+I632 -> 7138005.7 | J10: =J27+J233+J429+J527+J632 -> 5461052.6 | K10: =K27+K233+K429+K527+K632 -> 5955553.5 | L10: =L27+L233+L429+L527+L632 -> 5854485 | M10: =SUM(E10:L10) -> 43340632
C11: федеральный бюджет (субсидии, субвенции, иные межбюджетные трансферты) | D11: Х | E11: =E234+E430+E633 -> 989883.09 | F11: =F234+F430+F633 -> 982649.73 | G11: =G234+G430+G633 -> 836304.03 | H11: =H234+H430+H633 -> 708733.38 | I11: =I234+I430+I633 -> 644130.6 | J11: =J234+J430+J633 -> 200529 | K11: =K234+K430+K633 -> 196834 | L11: =L234+L430+L633 -> 196834 | M11: =SUM(E11:L11) -> 4755897.8
D12: 784 | E12: =SUM(E28,E234) -> 278798.09 | F12: =SUM(F28,F234) -> 272917.73 | G12: =SUM(G28,G234) -> 239901.93 | H12: =SUM(H28,H234) -> 146958.78 | I12: =SUM(I28,I234) -> 92006 | J12: =SUM(J28,J234) -> 0 | K12: =SUM(K28,K234) -> 0 | L12: =SUM(L28,L234) -> 0 | M12: =SUM(E12:L12) -> 1030582.5
D13: 752 | E13: =SUM(E430) -> 711085 | F13: =SUM(F430) -> 709732 | G13: =SUM(G430) -> 596402.1 | H13: =SUM(H430) -> 561774.6 | I13: =SUM(I430) -> 552124.6 | J13: =SUM(J430) -> 200529 | K13: =SUM(K430) -> 196834 | L13: =SUM(L430) -> 196834 | M13: =SUM(M430) -> 3725315.3
D14: 789 | E14: =SUM(E633) -> 0 | F14: =SUM(F633) -> 0 | G14: =SUM(G633) -> 0 | H14: =SUM(H633) -> 0 | I14: =SUM(I633) -> 0 | J14: =SUM(J633) -> 0 | K14: =SUM(K633) -> 0 | L14: =SUM(L633) -> 0 | M14: =SUM(E14:L14) -> 0
C15: краевой бюджет | D15: Х | E15: =SUM(E29,E30,E235,E431,E529,E634,E635,E31) -> 2169618.2 | F15: =SUM(F29,F30,F235,F431,F529,F634,F635,F31) -> 3001417.5 | G15: ='Приложение № 2 (№5 к ГП)'!J10 -> 3340369.8 | H15: =SUM(H29,H30,H235,H431,H529,H634,H635,H31) -> 3097770.6 | I15: =SUM(I29,I30,I235,I431,I529,I634,I635,I31) -> 4450763.4 | J15: =SUM(J29,J30,J235,J431,J529,J634,J635,J31) -> 3721866.9 | K15: =SUM(K29,K30,K235,K431,K529,K634,K635,K31) -> 3720062.8 | L15: =SUM(L29,L30,L235,L431,L529,L634,L635,L31) -> 3618994.3 | M15: =SUM(E15:L15) -> 27120864
D16: 784 | E16: =SUM(E29,E235) -> 294750.3 | F16: =SUM(F29,F235) -> 147438.82 | G16: =SUM(G29,G235) -> 183487.54 | H16: =SUM(H29,H235) -> 193366.49 | I16: =SUM(I29,I235) -> 236986.15 | J16: =SUM(J29,J235) -> 122607.09 | K16: =SUM(K29,K235) -> 122607.09 | L16: =SUM(L29,L235) -> 122507.09 | M16: =SUM(M29,M235) -> 1423750.6
D17: 794 | E17: =SUM(E30) -> 0 | F17: =SUM(F30) -> 0 | G17: =SUM(G30) -> 100000 | H17: =SUM(H30) -> 100000 | I17: =SUM(I30) -> 200000 | J17: =SUM(J30) -> 0 | K17: =SUM(K30) -> 0 | L17: =SUM(L30) -> 0 | M17: =SUM(M30) -> 400000
D18: 752 | E18: =SUM(E431) -> 1874867.9 | F18: =SUM(F431) -> 1734852.2 | G18: =SUM(G431) -> 1972961.4 | H18: =SUM(H431) -> 1676755.1 | I18: =SUM(I431) -> 2680776.9 | J18: =SUM(J431) -> 2685733.8 | K18: =SUM(K431) -> 2685733.8 | L18: =SUM(L431) -> 2685733.8 | M18: =SUM(M431) -> 17997415
D19: 779 | E19: =SUM(E529) -> 0 | F19: =SUM(F529) -> 1119126.5 | G19: =SUM(G529) -> 1075070.8 | H19: =SUM(H529) -> 1089984.7 | I19: =SUM(I529) -> 1295894.8 | J19: =SUM(J529) -> 876420.45 | K19: =SUM(K529) -> 874616.36 | L19: =SUM(L529) -> 773647.85 | M19: =SUM(M529) -> 7104761.5
D20: 789 | E20: =SUM(E634) -> 0 | F20: =SUM(F634) -> 0 | G20: =SUM(G634) -> 4450 | H20: =SUM(H634) -> 23819.85 | I20: =SUM(I634) -> 23460 | J20: =SUM(J634) -> 23460 | K20: =SUM(K634) -> 23460 | L20: =SUM(L634) -> 23460 | M20: =SUM(M634) -> 122109.85
D21: 785 | E21: =SUM(E635) -> 0 | F21: =SUM(F635) -> 0 | G21: =SUM(G635) -> 600 | H21: =SUM(H635) -> 999.4 | I21: =SUM(I635) -> 600 | J21: =SUM(J635) -> 600 | K21: =SUM(K635) -> 600 | L21: =SUM(L635) -> 600 | M21: =SUM(M635) -> 3999.4
D22: 798 | E22: =E31 -> 0 | F22: =F31 -> 0 | G22: =G31 -> 3800 | H22: =H31 -> 12845.03 | I22: =I31 -> 13045.6 | J22: =J31 -> 13045.6 | K22: =K31 -> 13045.6 | L22: =L31 -> 13045.6 | M22: =SUM(E22:L22) -> 68827.43
C23: бюджет муниципальных образований | D23: - | E23: =E32+E236+E432+E530+E636 -> 40560.5 | F23: =F32+F236+F432+F530+F636 -> 53232.88 | G23: =G32+G236+G432+G530+G636 -> 42288 | H23: =H32+H236+H432+H530+H636 -> 49627.2 | I23: =I32+I236+I432+I530+I636 -> 42611.7 | J23: =J32+J236+J432+J530+J636 -> 38156.7 | K23: =K32+K236+K432+K530+K636 -> 38156.7 | L23: =L32+L236+L432+L530+L636 -> 38156.7 | M23: =SUM(E23:L23) -> 342790.38
C24: государственные внебюджетные фонды Российской Федерации | D24: - | E24: =E33+E237+E433+E531+E637 -> 0 | F24: =F33+F237+F433+F531+F637 -> 0 | G24: =G33+G237+G433+G531+G637 -> 0 | H24: =H33+H237+H433+H531+H637 -> 0 | I24: =I33+I237+I433+I531+I637 -> 0 | J24: =J33+J237+J433+J531+J637 -> 0 | K24: =K33+K237+K433+K531+K637 -> 0 | L24: =L33+L237+L433+L531+L637 -> 0 | M24: =SUM(E24:L24) -> 0
C25: территориальные государственные внебюджетные фонды | D25: - | E25: =E34+E238+E434+E532+E638 -> 0 | F25: =F34+F238+F434+F532+F638 -> 0 | G25: =G34+G238+G434+G532+G638 -> 0 | H25: =H34+H238+H434+H532+H638 -> 0 | I25: =I34+I238+I434+I532+I638 -> 0 | J25: =J34+J238+J434+J532+J638 -> 0 | K25: =K34+K238+K434+K532+K638 -> 0 | L25: =L34+L238+L434+L532+L638 -> 0 | M25: =SUM(E25:L25) -> 0
C26: иные внебюджетные источники | D26: - | E26: =E35+E239+E435+E533+E639 -> 184000 | F26: =F35+F239+F435+F533+F639 -> 3234000 | G26: =G35+G239+G435+G533+G639 -> 100500 | H26: =H35+H239+H435+H533+H639 -> 100579.94 | I26: =I35+I239+I435+I533+I639 -> 2000500 | J26: =J35+J239+J435+J533+J639 -> 1500500 | K26: =K35+K239+K435+K533+K639 -> 2000500 | L26: =L35+L239+L435+L533+L639 -> 2000500 | M26: =SUM(E26:L26) -> 11121080
A27: 1. | B27: Подпрограмма № 1 «Улучшение инвестиционного климата в Приморском крае» на 2013-2020 годы | C27: всего | D27: - | E27: =E36+E106+E120+E134+E148+E162+E190+E219 -> 410945.3 | F27: =F36+F106+F120+F134+F148+F162+F190+F219 -> 3313633.8 | G27: =G36+G106+G120+G134+G148+G162+G190+G219 -> 329553.54 | H27: =H36+H106+H120+H134+H148+H162+H190+H219 -> 339404.5 | I27: =I36+I106+I120+I134+I148+I162+I190+I219 -> 2375910 | J27: =J36+J106+J120+J134+J148+J162+J190+J219 -> 1581986 | K27: =K36+K106+K120+K134+K148+K162+K190+K219 -> 2081986 | L27: =L36+L106+L120+L134+L148+L162+L190+L219 -> 2081986 | M27: =SUM(E27:L27) -> 12515405
C28: федеральный бюджет (субсидии, субвенции, иные межбюджетные трансферты) | D28: - | E28: =E37+E107+E121+E135+E149+E163+E191+E220 -> 0 | F28: =F37+F107+F121+F135+F149+F163+F191+F220 -> 0 | G28: =G37+G107+G121+G135+G149+G163+G191+G220 -> 0 | H28: =H37+H107+H121+H135+H149+H163+H191+H220 -> 0 | I28: =I37+I107+I121+I135+I149+I163+I191+I220 -> 0 | J28: =J37+J107+J121+J135+J149+J163+J191+J220 -> 0 | K28: =K37+K107+K121+K135+K149+K163+K191+K220 -> 0 | L28: =L37+L107+L121+L135+L149+L163+L191+L220 -> 0 | M28: =SUM(E28:L28) -> 0
C29: краевой бюджет | D29: 784 | E29: =E38+E122+E136+E150+E164+E221+E193 -> 226945.3 | F29: =F38+F122+F136+F150+F164+F221+F193 -> 79633.822 | G29: =G38+G122+G136+G150+G164+G221+G193 -> 125753.54 | H29: =H38+H122+H136+H150+H164+H221+H193 -> 126559.47 | I29: =I38+I122+I136+I150+I164+I221+I193 -> 162864.44 | J29: =J38+J122+J136+J150+J164+J221+J193 -> 68940.38 | K29: =K38+K122+K136+K150+K164+K221+K193 -> 68940.38 | L29: =L38+L122+L136+L150+L164+L221+L193 -> 68940.38 | M29: =SUM(E29:L29) -> 928577.71
D30: 794 | E30: =E108 -> 0 | F30: =F108 -> 0 | G30: =G108 -> 100000 | H30: =H108 -> 100000 | I30: =I108 -> 200000 | J30: =J108 -> 0 | K30: =K108 -> 0 | L30: =L108 -> 0 | M30: =SUM(E30:L30) -> 400000
D31: 798 | E31: =E192 -> 0 | F31: =F192 -> 0 | G31: =G192 -> 3800 | H31: =H192 -> 12845.03 | I31: =I192 -> 13045.6 | J31: =J192 -> 13045.6 | K31: =K192 -> 13045.6 | L31: =L192 -> 13045.6 | M31: =SUM(E31:L31) -> 68827.43
C32: бюджет муниципальных образований | D32: - | E32: =E39+E109+E123+E137+E151+E165+E194+E222 -> 0 | F32: =F39+F109+F123+F137+F151+F165+F194+F222 -> 0 | G32: =G39+G109+G123+G137+G151+G165+G194+G222 -> 0 | H32: =H39+H109+H123+H137+H151+H165+H194+H222 -> 0 | I32: =I39+I109+I123+I137+I151+I165+I194+I222 -> 0 | J32: =J39+J109+J123+J137+J151+J165+J194+J222 -> 0 | K32: =K39+K109+K123+K137+K151+K165+K194+K222 -> 0 | L32: =L39+L109+L123+L137+L151+L165+L194+L222 -> 0 | M32: =SUM(E32:L32) -> 0
C33: государственные внебюджетные фонды Российской Федерации | D33: - | E33: =E40+E110+E124+E138+E152+E166+E195+E223 -> 0 | F33: =F40+F110+F124+F138+F152+F166+F195+F223 -> 0 | G33: =G40+G110+G124+G138+G152+G166+G195+G223 -> 0 | H33: =H40+H110+H124+H138+H152+H166+H195+H223 -> 0 | I33: =I40+I110+I124+I138+I152+I166+I195+I223 -> 0 | J33: =J40+J110+J124+J138+J152+J166+J195+J223 -> 0 | K33: =K40+K110+K124+K138+K152+K166+K195+K223 -> 0 | L33: =L40+L110+L124+L138+L152+L166+L195+L223 -> 0 | M33: =SUM(E33:L33) -> 0
C34: территориальные государственные внебюджетные фонды | D34: - | E34: =E41+E111+E125+E139+E153+E167+E196+E224 -> 0 | F34: =F41+F111+F125+F139+F153+F167+F196+F224 -> 0 | G34: =G41+G111+G125+G139+G153+G167+G196+G224 -> 0 | H34: =H41+H111+H125+H139+H153+H167+H196+H224 -> 0 | I34: =I41+I111+I125+I139+I153+I167+I196+I224 -> 0 | J34: =J41+J111+J125+J139+J153+J167+J196+J224 -> 0 | K34: =K41+K111+K125+K139+K153+K167+K196+K224 -> 0 | L34: =L41+L111+L125+L139+L153+L167+L196+L224 -> 0 | M34: =SUM(E34:L34) -> 0
C35: иные внебюджетные источники | D35: - | E35: =E42+E112+E126+E140+E154+E168+E197+E225 -> 184000 | F35: =F42+F112+F126+F140+F154+F168+F197+F225 -> 3234000 | G35: =G42+G112+G126+G140+G154+G168+G197+G225 -> 100000 | H35: =H42+H112+H126+H140+H154+H168+H197+H225 -> 100000 | I35: =I42+I112+I126+I140+I154+I168+I197+I225 -> 2000000 | J35: =J42+J112+J126+J140+J154+J168+J197+J225 -> 1500000 | K35: =K42+K112+K126+K140+K154+K168+K197+K225 -> 2000000 | L35: =L42+L112+L126+L140+L154+L168+L197+L225 -> 2000000 | M35: =SUM(E35:L35) -> 11118000
A36: 1.1. | B36: Основное мероприятие «Создание благоприятных условий для привлечения инвестиций в экономику Приморского края» | C36: всего | D36: 784 | E36: =E43+E50+E57+E64+E71+E78+E85+E92+E99 -> 308950 | F36: =F43+F50+F57+F64+F71+F78+F85+F92+F99 -> 229200 | G36: =G43+G50+G57+G64+G71+G78+G85+G92+G99 -> 82169 | H36: =H43+H50+H57+H64+H71+H78+H85+H92+H99 -> 86700 | I36: =I43+I50+I57+I64+I71+I78+I85+I92+I99 -> 72924.07 | J36: =J43+J50+J57+J64+J71+J78+J85+J92+J99 -> 1529000 | K36: =K43+K50+K57+K64+K71+K78+K85+K92+K99 -> 2029000 | L36: =L43+L50+L57+L64+L71+L78+L85+L92+L99 -> 2029000 | M36: =SUM(E36:L36) -> 6366943.1
C37: федеральный бюджет (субсидии, субвенции, иные межбюджетные трансферты) | D37: - | E37: =E44+E51+E58+E65+E72+E79+E86+E93+E100 -> 0 | F37: =F44+F51+F58+F65+F72+F79+F86+F93+F100 -> 0 | G37: =G44+G51+G58+G65+G72+G79+G86+G93+G100 -> 0 | H37: =H44+H51+H58+H65+H72+H79+H86+H93+H100 -> 0 | I37: =I44+I51+I58+I65+I72+I79+I86+I93+I100 -> 0 | J37: =J44+J51+J58+J65+J72+J79+J86+J93+J100 -> 0 | K37: =K44+K51+K58+K65+K72+K79+K86+K93+K100 -> 0 | L37: =L44+L51+L58+L65+L72+L79+L86+L93+L100 -> 0 | M37: =SUM(E37:L37) -> 0
C38: краевой бюджет | D38: 784 | E38: =E45+E52+E59+E66+E73+E80+E87+E94+E101 -> 124950 | F38: =F45+F52+F59+F66+F73+F80+F87+F94+F101 -> 29200 | G38: =G45+G52+G59+G66+G73+G80+G87+G94+G101 -> 82169 | H38: =H45+H52+H59+H66+H73+H80+H87+H94+H101 -> 86700 | I38: =I45+I52+I59+I66+I73+I80+I87+I94+I101 -> 72924.07 | J38: =J45+J52+J59+J66+J73+J80+J87+J94+J101 -> 29000 | K38: =K45+K52+K59+K66+K73+K80+K87+K94+K101 -> 29000 | L38: =L45+L52+L59+L66+L73+L80+L87+L94+L101 -> 29000 | M38: =SUM(E38:L38) -> 482943.07 | N38: =M45+M52+M59+M66+M73+M80+M87+M94+M101 -> 482943.07
C39: бюджет муниципальных образований | D39: - | E39: =E46+E53+E60+E67+E74+E81+E88+E95+E102 -> 0 | F39: =F46+F53+F60+F67+F74+F81+F88+F95+F102 -> 0 | G39: =G46+G53+G60+G67+G74+G81+G88+G95+G102 -> 0 | H39: =H46+H53+H60+H67+H74+H81+H88+H95+H102 -> 0 | I39: =I46+I53+I60+I67+I74+I81+I88+I95+I102 -> 0 | J39: =J46+J53+J60+J67+J74+J81+J88+J95+J102 -> 0 | K39: =K46+K53+K60+K67+K74+K81+K88+K95+K102 -> 0 | L39: =L46+L53+L60+L67+L74+L81+L88+L95+L102 -> 0 | M39: =SUM(E39:L39) -> 0
C40: государственные внебюджетные фонды Российской Федерации | D40: - | E40: =E47+E54+E61+E68+E75+E82+E89+E96+E103 -> 0 | F40: =F47+F54+F61+F68+F75+F82+F89+F96+F103 -> 0 | G40: =G47+G54+G61+G68+G75+G82+G89+G96+G103 -> 0 | H40: =H47+H54+H61+H68+H75+H82+H89+H96+H103 -> 0 | I40: =I47+I54+I61+I68+I75+I82+I89+I96+I103 -> 0 | J40: =J47+J54+J61+J68+J75+J82+J89+J96+J103 -> 0 | K40: =K47+K54+K61+K68+K75+K82+K89+K96+K103 -> 0 | L40: =L47+L54+L61+L68+L75+L82+L89+L96+L103 -> 0 | M40: =SUM(E40:L40) -> 0
C41: территориальные государственные внебюджетные фонды | D41: - | E41: =E48+E55+E62+E69+E76+E83+E90+E97+E104 -> 0 | F41: =F48+F55+F62+F69+F76+F83+F90+F97+F104 -> 0 | G41: =G48+G55+G62+G69+G76+G83+G90+G97+G104 -> 0 | H41: =H48+H55+H62+H69+H76+H83+H90+H97+H104 -> 0 | I41: =I48+I55+I62+I69+I76+I83+I90+I97+I104 -> 0 | J41: =J48+J55+J62+J69+J76+J83+J90+J97+J104 -> 0 | K41: =K48+K55+K62+K69+K76+K83+K90+K97+K104 -> 0 | L41: =L48+L55+L62+L69+L76+L83+L90+L97+L104 -> 0 | M41: =SUM(E41:L41) -> 0
C42: иные внебюджетные источники | D42: - | E42: =E49+E56+E63+E70+E77+E84+E91+E98+E105 -> 184000 | F42: =F49+F56+F63+F70+F77+F84+F91+F98+F105 -> 200000 | G42: =G49+G56+G63+G70+G77+G84+G91+G98+G105 -> 0 | H42: =H49+H56+H63+H70+H77+H84+H91+H98+H105 -> 0 | I42: =I49+I56+I63+I70+I77+I84+I91+I98+I105 -> 0 | J42: =J49+J56+J63+J70+J77+J84+J91+J98+J105 -> 1500000 | K42: =K49+K56+K63+K70+K77+K84+K91+K98+K105 -> 2000000 | L42: =L49+L56+L63+L70+L77+L84+L91+L98+L105 -> 2000000 | M42: =SUM(E42:L42) -> 5884000
A43: 1.1.1. | B43: Предоставление автономной некоммерческой организации «Агентство по привлечению инвестиций в Приморский край» субсидии из краевого бюджета на осуществление уставной деятельности | C43: всего | D43: 784 | E43: =E44+E45+E46+E47+E48+E49 -> 36500 | F43: =SUM(F44:F49) -> 0 | G43: =SUM(G44:G49) -> 0 | H43: =SUM(H44:H49) -> 0 | I43: =SUM(I44:I49) -> 0 | J43: =SUM(J44:J49) -> 0 | K43: =SUM(K44:K49) -> 0 | L43: =SUM(L44:L49) -> 0 | M43: =SUM(E43:L43) -> 36500
C44: федеральный бюджет (субсидии, субвенции, иные межбюджетные трансферты) | D44: - | E44: 0 | F44: 0 | G44: 0 | H44: 0 | I44: 0 | J44: 0 | K44: 0 | L44: 0 | M44: =SUM(E44:L44) -> 0
C45: краевой бюджет | D45: 784 | E45: 36500 | F45: 0 | G45: 0 | H45: 0 | I45: 0 | J45: 0 | K45: 0 | L45: 0 | M45: =SUM(E45:L45) -> 36500
C46: бюджет муниципальных образований | D46: - | E46: 0 | F46: 0 | G46: 0 | H46: 0 | I46: 0 | J46: 0 | K46: 0 | L46: 0 | M46: =SUM(E46:L46) -> 0
C47: государственные внебюджетные фонды Российской Федерации | D47: - | E47: 0 | F47: 0 | G47: 0 | H47: 0 | I47: 0 | J47: 0 | K47: 0 | L47: 0 | M47: =SUM(E47:L47) -> 0
C48: территориальные государственные внебюджетные фонды | D48: - | E48: 0 | F48: 0 | G48: 0 | H48: 0 | I48: 0 | J48: 0 | K48: 0 | L48: 0 | M48: =SUM(E48:L48) -> 0
C49: иные внебюджетные источники | D49: - | E49: 0 | F49: 0 | G49: 0 | H49: 0 | I49: 0 | J49: 0 | K49: 0 | L49: 0 | M49: =SUM(E49:L49) -> 0
A50: 1.1.2. | B50: Предоставление автономной некоммерческой организации «Инвестиционное Агентство Приморского края» субсидии из краевого бюджета на осуществление уставной деятельности | C50: всего | D50: 784 | E50: =SUM(E51:E56) -> 74500 | F50: =SUM(F51:F56) -> 29000 | G50: =SUM(G51:G56) -> 82169 | H50: =SUM(H51:H56) -> 86700 | I50: =SUM(I51:I56) -> 69924.07 | J50: =SUM(J51:J56) -> 29000 | K50: =SUM(K51:K56) -> 29000 | L50: =SUM(L51:L56) -> 29000 | M50: =SUM(E50:L50) -> 429293.07
C51: федеральный бюджет (субсидии, субвенции, иные межбюджетные трансферты) | D51: - | E51: 0 | F51: 0 | G51: 0 | H51: 0 | I51: 0 | J51: 0 | K51: 0 | L51: 0 | M51: =SUM(E51:L51) -> 0
C52: краевой бюджет | D52: 784 | E52: 74500 | F52: =29000 -> 29000 | G52: 82169 | H52: =29000+57700 -> 86700 | I52: =0+60000+9924.07 -> 69924.07 | J52: 29000 | K52: 29000 | L52: 29000 | M52: =SUM(E52:L52) -> 429293.07
C53: бюджет муниципальных образований | D53: - | E53: 0 | F53: 0 | G53: 0 | H53: 0 | I53: 0 | J53: 0 | K53: 0 | L53: 0 | M53: =SUM(E53:L53) -> 0
C54: государственные внебюджетные фонды Российской Федерации | D54: - | E54: 0 | F54: 0 | G54: 0 | H54: 0 | I54: 0 | J54: 0 | K54: 0 | L54: 0 | M54: =SUM(E54:L54) -> 0
C55: территориальные государственные внебюджетные фонды | D55: - | E55: 0 | F55: 0 | G55: 0 | H55: 0 | I55: 0 | J55: 0 | K55: 0 | L55: 0 | M55: =SUM(E55:L55) -> 0
C56: иные внебюджетные источники | D56: - | E56: 0 | F56: 0 | G56: 0 | H56: 0 | I56: 0 | J56: 0 | K56: 0 | L56: 0 | M56: =SUM(E56:L56) -> 0
A57: 1.1.3. | B57: Организация ежегодного Тихоокеанского экономического конгресса | C57: всего | D57: 784 | E57: =SUM(E58:E63) -> 13700 | F57: =SUM(F58:F63) -> 0 | G57: =SUM(G58:G63) -> 0 | H57: =SUM(H58:H63) -> 0 | I57: =SUM(I58:I63) -> 0 | J57: =SUM(J58:J63) -> 0 | K57: =SUM(K58:K63) -> 0 | L57: =SUM(L58:L63) -> 0 | M57: =SUM(E57:L57) -> 13700
C58: федеральный бюджет (субсидии, субвенции, иные межбюджетные трансферты) | D58: - | E58: 0 | F58: 0 | G58: 0 | H58: 0 | I58: 0 | J58: 0 | K58: 0 | L58: 0 | M58: =SUM(E58:L58) -> 0
C59: краевой бюджет | D59: 784 | E59: 13700 | F59: 0 | G59: 0 | H59: 0 | I59: 0 | J59: 0 | K59: 0 | L59: 0 | M59: =SUM(E59:L59) -> 13700
C60: бюджет муниципальных образований | D60: - | E60: 0 | F60: 0 | G60: 0 | H60: 0 | I60: 0 | J60: 0 | K60: 0 | L60: 0 | M60: =SUM(E60:L60) -> 0
C61: государственные внебюджетные фонды Российской Федерации | D61: - | E61: 0 | F61: 0 | G61: 0 | H61: 0 | I61: 0 | J61: 0 | K61: 0 | L61: 0 | M61: =SUM(E61:L61) -> 0
C62: территориальные государственные внебюджетные фонды | D62: - | E62: 0 | F62: 0 | G62: 0 | H62: 0 | I62: 0 | J62: 0 | K62: 0 | L62: 0 | M62: =SUM(E62:L62) -> 0
C63: иные внебюджетные источники | D63: - | E63: 0 | F63: 0 | G63: 0 | H63: 0 | I63: 0 | J63: 0 | K63: 0 | L63: 0 | M63: =SUM(E63:L63) -> 0
A64: 1.1.4. | B64: Организация работы по оценке инвестиционной привлекательности Приморского края в рейтинговых исследованиях российских и зарубежных рейтинговых агентств | C64: всего | D64: 784 | E64: =SUM(E65:E70) -> 0 | F64: =SUM(F65:F70) -> 0 | G64: =SUM(G65:G70) -> 0 | H64: =SUM(H65:H70) -> 0 | I64: =SUM(I65:I70) -> 3000 | J64: =SUM(J65:J70) -> 0 | K64: =SUM(K65:K70) -> 0 | L64: =SUM(L65:L70) -> 0 | M64: =SUM(E64:L64) -> 3000
C65: федеральный бюджет (субсидии, субвенции, иные межбюджетные трансферты) | D65: - | E65: 0 | F65: 0 | G65: 0 | H65: 0 | I65: 0 | J65: 0 | K65: 0 | L65: 0 | M65: =SUM(E65:L65) -> 0
C66: краевой бюджет | D66: 784 | E66: 0 | F66: 0 | G66: 0 | H66: 0 | I66: 3000 | J66: 0 | K66: 0 | L66: 0 | M66: =SUM(E66:L66) -> 3000
C67: бюджет муниципальных образований | D67: - | E67: 0 | F67: 0 | G67: 0 | H67: 0 | I67: 0 | J67: 0 | K67: 0 | L67: 0 | M67: =SUM(E67:L67) -> 0
C68: государственные внебюджетные фонды Российской Федерации | D68: - | E68: 0 | F68: 0 | G68: 0 | H68: 0 | I68: 0 | J68: 0 | K68: 0 | L68: 0 | M68: =SUM(E68:L68) -> 0
C69: территориальные государственные внебюджетные фонды | D69: - | E69: 0 | F69: 0 | G69: 0 | H69: 0 | I69: 0 | J69: 0 | K69: 0 | L69: 0 | M69: =SUM(E69:L69) -> 0
C70: иные внебюджетные источники | D70: - | E70: 0 | F70: 0 | G70: 0 | H70: 0 | I70: 0 | J70: 0 | K70: 0 | L70: 0 | M70: =SUM(E70:L70) -> 0
A71: 1.1.5. | B71: Создание и программное сопровождение многоязычного интернет-портала об инвестиционной деятельности в Приморском крае | C71: всего | D71: 784 | E71: =SUM(E72:E77) -> 50 | F71: =SUM(F72:F77) -> 0 | G71: =SUM(G72:G77) -> 0 | H71: =SUM(H72:H77) -> 0 | I71: =SUM(I72:I77) -> 0 | J71: =SUM(J72:J77) -> 0 | K71: =SUM(K72:K77) -> 0 | L71: =SUM(L72:L77) -> 0 | M71: =SUM(E71:L71) -> 50
C72: федеральный бюджет (субсидии, субвенции, иные межбюджетные трансферты) | D72: - | E72: 0 | F72: 0 | G72: 0 | H72: 0 | I72: 0 | J72: 0 | K72: 0 | L72: 0 | M72: =SUM(E72:L72) -> 0
C73: краевой бюджет | D73: 784 | E73: 50 | F73: 0 | G73: 0 | H73: 0 | I73: 0 | J73: 0 | K73: 0 | L73: 0 | M73: =SUM(E73:L73) -> 50
C74: бюджет муниципальных образований | D74: - | E74: 0 | F74: 0 | G74: 0 | H74: 0 | I74: 0 | J74: 0 | K74: 0 | L74: 0 | M74: =SUM(E74:L74) -> 0
C75: государственные внебюджетные фонды Российской Федерации | D75: - | E75: 0 | F75: 0 | G75: 0 | H75: 0 | I75: 0 | J75: 0 | K75: 0 | L75: 0 | M75: =SUM(E75:L75) -> 0
C76: территориальные государственные внебюджетные фонды | D76: - | E76: 0 | F76: 0 | G76: 0 | H76: 0 | I76: 0 | J76: 0 | K76: 0 | L76: 0 | M76: =SUM(E76:L76) -> 0
C77: иные внебюджетные источники | D77: - | E77: 0 | F77: 0 | G77: 0 | H77: 0 | I77: 0 | J77: 0 | K77: 0 | L77: 0 | M77: =SUM(E77:L77) -> 0
A78: 1.1.6. | B78: Разработка и издание печатного материала «Инвестиционный паспорт Приморского края» | C78: всего | D78: 784 | E78: =SUM(E79:E84) -> 100 | F78: =SUM(F79:F84) -> 100 | G78: =SUM(G79:G84) -> 0 | H78: =SUM(H79:H84) -> 0 | I78: =SUM(I79:I84) -> 0 | J78: =SUM(J79:J84) -> 0 | K78: =SUM(K79:K84) -> 0 | L78: =SUM(L79:L84) -> 0 | M78: =SUM(E78:L78) -> 200
C79: федеральный бюджет (субсидии, субвенции, иные межбюджетные трансферты) | D79: - | E79: 0 | F79: 0 | G79: 0 | H79: 0 | I79: 0 | J79: 0 | K79: 0 | L79: 0 | M79: =SUM(E79:L79) -> 0
C80: краевой бюджет | D80: 784 | E80: 100 | F80: 100 | G80: =100-100 -> 0 | H80: 0 | I80: 0 | J80: 0 | K80: 0 | L80: 0 | M80: =SUM(E80:L80) -> 200
C81: бюджет муниципальных образований | D81: - | E81: 0 | F81: 0 | G81: 0 | H81: 0 | I81: 0 | J81: 0 | K81: 0 | L81: 0 | M81: =SUM(E81:L81) -> 0
C82: государственные внебюджетные фонды Российской Федерации | D82: - | E82: 0 | F82: 0 | G82: 0 | H82: 0 | I82: 0 | J82: 0 | K82: 0 | L82: 0 | M82: =SUM(E82:L82) -> 0
C83: территориальные государственные внебюджетные фонды | D83: - | E83: 0 | F83: 0 | G83: 0 | H83: 0 | I83: 0 | J83: 0 | K83: 0 | L83: 0 | M83: =SUM(E83:L83) -> 0
C84: иные внебюджетные источники | D84: - | E84: 0 | F84: 0 | G84: 0 | H84: 0 | I84: 0 | J84: 0 | K84: 0 | L84: 0 | M84: =SUM(E84:L84) -> 0
A85: 1.1.7. | B85: Разработка и издание печатного материала «Каталог инвестиционных проектов Приморского края» | C85: всего | D85: 784 | E85: =SUM(E86:E91) -> 100 | F85: =SUM(F86:F91) -> 100 | G85: =SUM(G86:G91) -> 0 | H85: =SUM(H86:H91) -> 0 | I85: =SUM(I86:I91) -> 0 | J85: =SUM(J86:J91) -> 0 | K85: =SUM(K86:K91) -> 0 | L85: =SUM(L86:L91) -> 0 | M85: =SUM(E85:L85) -> 200
C86: федеральный бюджет (субсидии, субвенции, иные межбюджетные трансферты) | D86: - | E86: 0 | F86: 0 | G86: 0 | H86: 0 | I86: 0 | J86: 0 | K86: 0 | L86: 0 | M86: =SUM(E86:L86) -> 0
C87: краевой бюджет | D87: 784 | E87: 100 | F87: 100 | G87: =100-100 -> 0 | H87: 0 | I87: 0 | J87: 0 | K87: 0 | L87: 0 | M87: =SUM(E87:L87) -> 200
C88: бюджет муниципальных образований | D88: - | E88: 0 | F88: 0 | G88: 0 | H88: 0 | I88: 0 | J88: 0 | K88: 0 | L88: 0 | M88: =SUM(E88:L88) -> 0
C89: государственные внебюджетные фонды Российской Федерации | D89: - | E89: 0 | F89: 0 | G89: 0 | H89: 0 | I89: 0 | J89: 0 | K89: 0 | L89: 0 | M89: =SUM(E89:L89) -> 0
C90: территориальные государственные внебюджетные фонды | D90: - | E90: 0 | F90: 0 | G90: 0 | H90: 0 | I90: 0 | J90: 0 | K90: 0 | L90: 0 | M90: =SUM(E90:L90) -> 0
C91: иные внебюджетные источники | D91: - | E91: 0 | F91: 0 | G91: 0 | H91: 0 | I91: 0 | J91: 0 | K91: 0 | L91: 0 | M91: =SUM(E91:L91) -> 0
A92: 1.1.8. | B92: Создание (строительство, реконструкция) объектов инфраструктуры для краевых государственных нужд, необходимой для обеспечения функционирования инвестиционных проектов Приморского края | C92: всего | D92: 784 | E92: =E93+E94+E95+E96+E97+E98 -> 184000 | F92: =F93+F94+F95+F96+F97+F98 -> 200000 | G92: =G93+G94+G95+G96+G97+G98 -> 0 | H92: =H93+H94+H95+H96+H97+H98 -> 0 | I92: =I93+I94+I95+I96+I97+I98 -> 0 | J92: =J93+J94+J95+J96+J97+J98 -> 1500000 | K92: =K93+K94+K95+K96+K97+K98 -> 2000000 | L92: =L93+L94+L95+L96+L97+L98 -> 2000000 | M92: =SUM(E92:L92) -> 5884000
C93: федеральный бюджет (субсидии, субвенции, иные межбюджетные трансферты) | D93: - | E93: 0 | F93: 0 | G93: 0 | H93: 0 | I93: 0 | J93: 0 | K93: 0 | L93: 0 | M93: =SUM(E93:L93) -> 0
C94: краевой бюджет | D94: 784 | E94: 0 | F94: 0 | G94: 0 | H94: =1317.14-1317.14 -> 0 | I94: 0 | J94: 0 | K94: 0 | L94: 0 | M94: =SUM(E94:L94) -> 0
C95: бюджет муниципальных образований | D95: - | E95: 0 | F95: 0 | G95: 0 | H95: 0 | I95: 0 | J95: 0 | K95: 0 | L95: 0 | M95: =SUM(E95:L95) -> 0
C96: государственные внебюджетные фонды Российской Федерации | D96: - | E96: 0 | F96: 0 | G96: 0 | H96: 0 | I96: 0 | J96: 0 | K96: 0 | L96: 0 | M96: =SUM(E96:L96) -> 0
C97: территориальные государственные внебюджетные фонды | D97: - | E97: 0 | F97: 0 | G97: 0 | H97: 0 | I97: 0 | J97: 0 | K97: 0 | L97: 0 | M97: =SUM(E97:L97) -> 0
C98: иные внебюджетные источники | D98: - | E98: 184000 | F98: 200000 | G98: 0 | H98: 0 | I98: 0 | J98: 1500000 | K98: 2000000 | L98: 2000000 | M98: =SUM(E98:L98) -> 5884000
A99: 1.1.9. | B99: Обеспечение открытого информационного пространства инвестиционной деятельности | C99: всего | D99: 784 | E99: =E100+E101+E102+E103+E104+E105 -> 0 | F99: =F100+F101+F102+F103+F104+F105 -> 0 | G99: =G100+G101+G102+G103+G104+G105 -> 0 | H99: =H100+H101+H102+H103+H104+H105 -> 0 | I99: =I100+I101+I102+I103+I104+I105 -> 0 | J99: =J100+J101+J102+J103+J104+J105 -> 0 | K99: =K100+K101+K102+K103+K104+K105 -> 0 | L99: =L100+L101+L102+L103+L104+L105 -> 0 | M99: =SUM(E99:L99) -> 0
C100: федеральный бюджет (субсидии, субвенции, иные межбюджетные трансферты) | D100: - | E100: 0 | M100: =SUM(E100:L100) -> 0
C101: краевой бюджет | D101: 784 | E101: 0 | F101: 0 | G101: 0 | H101: 0 | I101: 0 | J101: 0 | K101: 0 | L101: 0 | M101: =SUM(E101:L101) -> 0
C102: бюджет муниципальных образований | D102: - | E102: 0 | F102: 0 | G102: 0 | H102: 0 | I102: 0 | J102: 0 | K102: 0 | L102: 0 | M102: =SUM(E102:L102) -> 0
C103: государственные внебюджетные фонды Российской Федерации | D103: - | E103: 0 | F103: 0 | G103: 0 | H103: 0 | I103: 0 | J103: 0 | K103: 0 | L103: 0 | M103: =SUM(E103:L103) -> 0
...

Sheet Лист1

Sheet Лист2
